 Dungeon Crawl Stone Soup version 0.30-a0-862-g1aabd4f9c5 (webtiles) character file.

Game seed: 17333993268764246405

13972462 holysushi the Conqueror (level 27, 248/248 (249) HPs)
             Began as a Demonspawn Monk on Mar 8, 2023.
             Was an Initiate of Gozag.
             Escaped with the Orb
             ... and 15 runes on Mar 9, 2023!
             The game lasted 03:41:24 (113895 turns).

holysushi the Conqueror (Demonspawn Monk)         Turns: 113895, Time: 03:41:25

HP:   248/248 (249) AC: 21    Str: 10      XL:     27
MP:   18/18         EV: 66    Int: 16 (18) God:    Gozag
Gold: 4036          SH:  0    Dex: 51      Spells: 23/26 levels left

rFire   + . .      SeeInvis .    a - +9 longbow (heavy)
rCold   + + .      Faith    .    (shield currently unavailable)
rNeg    . . .      Spirit   .    K - +2 robe {rC+ rF+}
rPois   .          Reflect  .    (helmet unavailable)
rElec   .          Rampage  .    n - +2 cloak {Will+}
rCorr   .                        G - +3 pair of gauntlets of War {Slay+5}
Will    +++..                    E - +0 pair of boots of Subjectivity {*Slow +Inv Dex+7 Stlth+}
Stlth   +++++                    D - amulet of Vitality {RegenMP++ Regen++}
HPRegen 2.21/turn                V - +6 ring of dexterity
MPRegen 0.96/turn                T - ring of Meosimisch {*Slow Int+6 Dex+5 Slay+3}

@: studying 5 skills, lightly drained
A: horns 3, icy blue scales 3, foul stench 3, spiny 3, black mark, bedeviling,
aura of silence, agile 1, low MP 2
0: Orb of Zot
}: 15/15 runes: decaying, serpentine, slimy, silver, golden, iron, obsidian,
icy, bone, abyssal, demonic, glowing, magical, fiery, dark
a: Renounce Religion, Evoke Invisibility, Potion Petition, Call Merchant, Bribe
Branch


You escaped.
You worshipped Gozag.
Gozag was most pleased with you.
You visited 17 branches of the dungeon, and saw 86 of its levels.
You visited Pandemonium 1 time, and saw 17 of its levels.
You visited the Abyss 4 times.
You also visited: Sewer and Wizlab.

You collected 62256 gold pieces.
You spent 6422 gold pieces at shops.
You paid 51798 gold pieces to Gozag.

Inventory:

Hand Weapons
 a - a +9 heavy longbow (weapon)
 b - the +9 sword of Power {lifebolt}
   (You took it off a deep elf pyromancer on level 3 of the Elven Halls)
 c - the +6 sword of Cerebov {flame}
   (You took it off Cerebov in Pandemonium)
 d - a +6 triple crossbow of draining
 e - the +8 Vampire's Tooth {megavamp}
   (You found it on level 7 of Gehenna)
 g - the +7 sceptre of Asmodeus
   (You took it off Asmodeus on level 7 of Gehenna)

   Wielding it grants the ability to summon fiery demons, with success rate
   depending on Evocations skill.
   Those summoned this way will remain friendly only for a limited time.
Armour
 k - the orb of Dispater {+Damnation *Corrode AC+5}
   (You found it on level 7 of the Iron City of Dis)

   +Damnation: It grants the ability to hurl damnation at the cost of health and
   magic, with strength depending on Evocations skill.
   AC:        It affects your AC (+5).
   *Corrode:  It may corrode you when you take damage.
 n - a +2 cloak of willpower (worn)
 E - the +0 pair of boots of Subjectivity (worn) {*Slow +Inv Dex+7 Stlth+}
   (You found it in Pandemonium)

   Dex:       It affects your dexterity (+7).
   +Inv:      It lets you turn invisible.
   *Slow:     It may slow you when you take damage.
   Stlth:     It makes you more stealthy.
 G - the +3 pair of gauntlets of War (worn) {Slay+5}
   (You found it on level 7 of Tartarus)

   Slay:      It affects your accuracy & damage with ranged weapons and melee
   (+5).
 J - the +5 Storm Queen's Shield {shock, Fly rElec}
   (You took it off Dispater on level 7 of the Iron City of Dis)

   Shock:     When it blocks an attack, it may electrocute the attacker.
   This works even against foes who are a short distance away.
   rElec:     It insulates you from electricity.
   Fly:       It grants you flight.
 K - a +2 robe of resistance (worn)
 X - the +3 pair of mountain boots {steadfast, rC+}
   (You acquired it on level 3 of the Realm of Zot)

   Steadfast: It prevents involuntary movement, except for blinking,
   teleportation, or banishment.
   rC:        It protects you from cold.
Jewellery
 z - the ring of Jiqub {rF+ rC+ rN+ rCorr}
   (You bought it in a shop on level 6 of the Dungeon)

   [ring of positive energy]

   rF:        It protects you from fire.
   rC:        It protects you from cold.
   rN:        It protects you from negative energy.
   rCorr:     It protects you from acid and corrosion.
 D - the amulet of Vitality (around neck) {RegenMP++ Regen++}
   (You bought it in a shop on level 6 of the Dungeon)

   [amulet of magic regeneration]

   It increases your rate of magic regeneration.
   Regen:     It increases your rate of health regeneration.
 L - the ring "Joucw" {Str+6 Slay+3 SInv}
   (You found it on level 3 of the Tomb of the Ancients)

   [ring of strength]

   Str:       It affects your strength (+6).
   Slay:      It affects your accuracy & damage with ranged weapons and melee
   (+3).
   SInv:      It lets you see invisible.
 Q - the ring "Hawk" {Ice rElec rN+ rCorr Dex+4}
   (You found it in a wizard's laboratory)

   [ring of ice]

   It enhances your ice magic.
   Dex:       It affects your dexterity (+4).
   rF:        It makes you vulnerable to fire.
   rC:        It protects you from cold.
   rElec:     It insulates you from electricity.
   rN:        It protects you from negative energy.
   rCorr:     It protects you from acid and corrosion.
 T - the ring of Meosimisch (right hand) {*Slow Int+6 Dex+5 Slay+3}
   (You found it on level 4 of the Swamp)

   [ring of intelligence]

   Int:       It affects your intelligence (+6).
   Dex:       It affects your dexterity (+5).
   Slay:      It affects your accuracy & damage with ranged weapons and melee
   (+3).
   *Slow:     It may slow you when you take damage.
 V - a +6 ring of dexterity (left hand)
Wands
 o - a wand of iceblast (47)
 B - a wand of paralysis (19)
 I - a wand of light (54)
 N - a wand of digging (19)
Scrolls
 f - 16 scrolls of teleportation
 i - a scroll of blinking
 s - 2 scrolls of silence
 w - 15 scrolls of vulnerability
 x - 13 scrolls of magic mapping
 y - 19 scrolls of immolation
 H - 4 scrolls of butterflies
 O - 7 scrolls of enchant armour
 P - 11 scrolls of fear
 U - 5 scrolls of fog
Potions
 h - 5 potions of heal wounds
 j - 26 potions of curing
 m - 14 potions of might
 q - 11 potions of lignification
 r - 14 potions of flight
 t - 8 potions of mutation
 A - 3 potions of berserk rage
 F - 5 potions of magic
 M - a potion of resistance
 R - 5 potions of ambrosia
 S - 3 potions of invisibility
Miscellaneous
 p - a figurine of a ziggurat
 u - a lightning rod (4/4)
 v - the horn of Geryon
 C - a condenser vane
 W - a phantom mirror
 Y - a box of beasts
 Z - a phial of floods


   Skills:
 O Level 27 Fighting
 - Level 5.4(14.0) Short Blades
 - Level 19.7(20.0) Long Blades
 O Level 27 Ranged Weapons
 + Level 22.9 Armour
 O Level 27 Dodging
 O Level 27 Stealth
 O Level 27 Evocations


You had 23 spell levels left.
You knew the following spells:

 Your Spells              Type           Power      Damage    Failure   Level
a - Mephitic Cloud        Conj/Pois/Air  0%         N/A       58%         3

Your spell library contained the following spells:

 Spells                   Type           Power      Damage    Failure   Level
 Apportation              Tloc           0%         N/A       26%         1
 Beastly Appendage        Tmut           0%         N/A       26%         1
 Foxfire                  Conj/Fire      0%         2x1d4     26%         1
 Freeze                   Ice            0%         1d3       26%         1
 Kiss of Death            Conj/Necr      0%         2d5       26%         1
 Magic Dart               Conj           0%         1d3       26%         1
 Necrotise                Necr           0%         1d4       26%         1
 Sandblast                Erth           0%         2d4       26%         1
 Shock                    Conj/Air       0%         1d3       26%         1
 Slow                     Hex            0%         N/A       26%         1
 Sting                    Tmut/Pois      0%         1d3       26%         1
 Summon Small Mammal      Summ           0%         N/A       26%         1
 Blink                    Tloc           0%         N/A       36%         2
 Call Imp                 Summ           0%         N/A       36%         2
 Cigotuvi's Dreadful Rot  Necr/Pois/Air  0%         N/A       36%         2
 Ensorcelled Hibernation  Hex/Ice        0%         N/A       36%         2
 Lesser Beckoning         Tloc           0%         N/A       36%         2
 Momentum Strike          Conj/Tloc      0%         3d8       36%         2
 Passwall                 Tmut/Erth      0%         N/A       36%         2
 Poisonous Vapours        Pois/Air       0%         N/A       36%         2
 Searing Ray              Conj           0%         2d4       36%         2
 Static Discharge         Conj/Air       0%         2-2/arc   36%         2
 Sublimation of Blood     Necr           0%         N/A       36%         2
 Wereblood                Tmut           0%         N/A       36%         2
 Call Canine Familiar     Summ           0%         N/A       58%         3
 Dazzling Flash           Conj/Hex       0%         N/A       58%         3
 Frozen Ramparts          Ice            0%         1d1       58%         3
 Gell's Gravitas          Tloc           0%         N/A       58%         3
 Hailstorm                Conj/Ice       0%         3d3       58%         3
 Ignite Poison            Fire/Tmut/Pois 0%         N/A       58%         3
 Inner Flame              Hex/Fire       0%         N/A       58%         3
 Kindle Blastsparks       Fire/Tloc/Air  0%         2d10      58%         3
 Ozocubu's Armour         Ice            0%         N/A       58%         3
 Portal Projectile        Hex/Tloc       0%         N/A       58%         3
 Spider Form              Tmut/Pois      0%         N/A       58%         3
 Stone Arrow              Conj/Erth      0%         3d7       58%         3
 Summon Guardian Golem    Hex/Summ       0%         N/A       58%         3
 Swiftness                Air            0%         N/A       58%         3
 Teleport Other           Tloc           0%         N/A       58%         3
 Tukima's Dance           Hex            0%         N/A       58%         3
 Vampiric Draining        Necr           0%         2d6       58%         3
 Vhi's Electric Charge    Tloc/Air       0%         N/A       58%         3
 Airstrike                Air            0%         2d(0-16)  94%         4
 Anguish                  Hex/Necr       0%         N/A       94%         4
 Animate Armour           Summ/Erth      0%         N/A       94%         4
 Cause Fear               Hex            0%         N/A       94%         4
 Dispel Undead            Necr           0%         3d6       94%         4
 Flame Wave               Conj/Fire      0%         2d4       94%         4
 Fulminant Prism          Conj/Hex       0%         3d5       94%         4
 Ice Form                 Ice/Tmut       0%         N/A       94%         4
 Iskenderun's Mystic Bla  Conj/Tloc      0%         2d3       94%         4
 Leda's Liquefaction      Hex/Erth       0%         N/A       94%         4
 Manifold Assault         Tloc           0%         N/A       94%         4
 Olgreb's Toxic Radiance  Pois           0%         N/A       94%         4
 Passage of Golubria      Tloc           0%         N/A       94%         4
 Petrify                  Tmut/Erth      0%         N/A       94%         4
 Sticky Flame             Conj/Fire      0%         2d3       94%         4
 Summon Ice Beast         Ice/Summ       0%         N/A       94%         4
 Summon Lightning Spire   Summ/Air       0%         N/A       94%         4
 Agony                    Necr           0%         N/A       100%        5
 Alistair's Intoxication  Tmut/Pois      0%         N/A       100%        5
 Arcjolt                  Conj/Air       0%         1d10      100%        5
 Blade Hands              Tmut           0%         N/A       100%        5
 Borgnjor's Vile Clutch   Necr/Erth      0%         N/A       100%        5
 Fireball                 Conj/Fire      0%         3d3       100%        5
 Freezing Cloud           Conj/Ice/Air   0%         6-21      100%        5
 Irradiate                Conj/Tmut      0%         3d11      100%        5
 Iskenderun's Battlesphe  Conj           0%         2d6       100%        5
 Lee's Rapid Deconstruct  Erth           0%         3d4*      100%        5
 Lightning Bolt           Conj/Air       0%         1d11      100%        5
 Metabolic Englaciation   Hex/Ice        0%         N/A       100%        5
 Silence                  Hex/Air        0%         N/A       100%        5
 Summon Forest            Summ/Tloc      0%         N/A       100%        5
 Summon Mana Viper        Hex/Summ       0%         N/A       100%        5
 Yara's Violent Unravell  Hex/Tmut       0%         3d3       100%        5
 Conjure Ball Lightning   Conj/Air       0%         3x3d6     100%        6
 Death Channel            Necr           0%         N/A       100%        6
 Dispersal                Tloc           0%         N/A       100%        6
 Eringya's Noxious Bog    Tmut/Pois      0%         N/A       100%        6
 Iron Shot                Conj/Erth      0%         9d1       100%        6
 Starburst                Conj/Fire      0%         6d3       100%        6
 Statue Form              Tmut/Erth      0%         N/A       100%        6
 Summon Cactus Giant      Summ           0%         N/A       100%        6
 Dragon Form              Tmut           0%         N/A       100%        7
 Enfeeble                 Hex            0%         N/A       100%        7
 Haunt                    Necr/Summ      0%         N/A       100%        7
 Malign Gateway           Summ/Tloc      0%         N/A       100%        7
 Monstrous Menagerie      Summ           0%         N/A       100%        7
 Orb of Destruction       Conj           0%         9d5       100%        7
 Ozocubu's Refrigeration  Ice            0%         4d7       100%        7
 Spellforged Servitor     Conj/Summ      0%         N/A       100%        7
 Storm Form               Tmut/Air       0%         N/A       100%        7
 Summon Hydra             Summ           0%         N/A       100%        7
 Borgnjor's Revivificati  Necr           0%         N/A       100%        8
 Discord                  Hex            0%         N/A       100%        8
 Disjunction              Tloc           0%         N/A       100%        8
 Ignition                 Fire           0%         3d3       100%        8
 Infestation              Necr           0%         N/A       100%        8
 Lehudib's Crystal Spear  Conj/Erth      0%         10d2      100%        8
 Maxwell's Capacitive Co  Air            0%         ∞         100%        8
 Necromutation            Tmut/Necr      0%         N/A       100%        8
 Summon Horrible Things   Summ           0%         N/A       100%        8
 Death's Door             Necr           0%         N/A       100%        9
 Polar Vortex             Ice            0%         N/A       100%        9
 Simulacrum               Ice/Necr       Unusable   N/A       N/A         6

Dungeon Overview and Level Annotations

Branches:
Dungeon (15/15)            Temple (0/1) D:4            Lair (5/5) D:11
  Swamp (4/4) Lair:2        Snake (4/4) Lair:2        Slime (5/5) Lair:4
    Orc (2/2) D:9             Elf (3/3) Orc:2        Vaults (5/5) D:14
  Crypt (3/3) Vaults:2       Tomb (3/3) Crypt:3      Depths (4/4) D:15
   Hell (visited)             Dis (7/7) Hell            Geh (7/7) Hell
    Coc (7/7) Hell            Tar (7/7) Hell            Zot (5/5) Depths:4
  Sewer (visited)          WizLab (visited)

Altars:
Ashenzari
Cheibriados
Dithmenos
Fedhas
Gozag
Hepliaklqana
Kikubaaqudgha
Nemelex Xobeh
Okawaru
Ru
Sif Muna
Trog
Uskayaw
Vehumet
Wu Jian
Jiyva

Shops:
D:6 ==   D:7 [   D:8 *   D:13 :   D:15 *   Orc:2 ?(=(*   Elf:1 *=   Elf:2 ([
Elf:3 (   Lair:1 (   Snake:1 ?:   Snake:3 [([   Vaults:1 :   Vaults:2 (
Vaults:5 *   Crypt:3 =   Tomb:1 =[*=   Hell [=   Depths:2 *[([:=   Depths:4 ?

Portals:
Hell: Depths:1 Depths:2 Depths:3 Depths:4
Abyss: Depths:2 Depths:3
Pandemonium: Depths:2
Ziggurat: Depths:4

Annotations:
D:7 1 runed translucent door, Crazy Yiuf
Swamp:3 1 runed translucent door, Mara
Swamp:4 1 runed translucent door, jasper's ghost, adept MiHu
Orc:2 2 transporters, jasper's ghost, journeyman DsFi
Elf:2 3 runed translucent doors
Dis:2 36 runed doors
Zot:1 1 transporter


Innate Abilities, Weirdness & Mutations

You have a pair of large horns on your head.
You are completely covered in icy blue scales. (AC +4, rC+)
You frequently emit foul miasma when damaged in melee.
You are completely covered in sharp spines.
Your melee attacks may debilitate your foes.
Your hexes are more powerful.
You are surrounded by an aura of silence.
You are agile. (Dex +4, Str/Int -1)
Your magical capacity is very low. (-20% MP)


Message History

You climb upwards.
Reactivating autopickup.
There is a stone staircase leading down here.
(D) Dungeon (T) Temple (L) Lair (S) Swamp (P) Snake Pit (M) Slime Pits (O) Orcish Mines (E) Elven Halls (V) Vaults (C) Crypt (W) Tomb (U) Depths (H) Hell (I) Dis (G) Gehenna (X) Cocytus (Y) Tartarus (Z) Zot
Where to? (Enter - D:1 @ (x,y), ? - help)
There is a stone staircase leading up here.
You climb upwards.
There is a stone staircase leading down here.
A demonic crawler comes into view.
You shoot an arrow. The arrow hits the demonic crawler!!!!
You kill the demonic crawler!
No target in view!
No target in view!
(D) Dungeon (T) Temple (L) Lair (S) Swamp (P) Snake Pit (M) Slime Pits (O) Orcish Mines (E) Elven Halls (V) Vaults (C) Crypt (W) Tomb (U) Depths (H) Hell (I) Dis (G) Gehenna (X) Cocytus (Y) Tartarus (Z) Zot
Where to? (Enter - D:1 @ (x,y), ? - help) HP restored.
There is a stone staircase leading up here.
You climb upwards.
There is a stone staircase leading down here.
A blizzard demon comes into view.
You shoot an arrow. The arrow hits the blizzard demon!!!!
You kill the blizzard demon!
No target in view!
No target in view!
(D) Dungeon (T) Temple (L) Lair (S) Swamp (P) Snake Pit (M) Slime Pits (O) Orcish Mines (E) Elven Halls (V) Vaults (C) Crypt (W) Tomb (U) Depths (H) Hell (I) Dis (G) Gehenna (X) Cocytus (Y) Tartarus (Z) Zot
Where to? (Enter - D:1 @ (x,y), ? - help) HP restored.
There is a stone staircase leading up here.
You climb upwards.
There is a stone staircase leading down here.
There is a stone staircase leading up here.
You climb upwards.
There is a stone staircase leading down here.
There is an open door, spattered with blood here.
You see here a +0 dagger.
There is an open door here.
You open the door.
There is an open door here.
There is a staircase leading out of the dungeon here.
You have escaped!

#........#
#....[...#
#........#
#........#
##########........#
#.......##........#
#........'........#
#.......##........#
#.@.###>##)########
#.......##.#
#........'.#
#.......####
#########


There were no monsters in sight!

Vanquished Creatures
  Cerebov (Pan)
  Antaeus (Coc:7)
  Asmodeus (Geh:7)
  the Royal Jelly (Slime:5)
  Gloorx Vloq (Pan)
  Ignacio (Pan)
  Lom Lobon (Pan)
  the Serpent of Hell (Coc:7)
  Mnoleg (Pan)
  9 pandemonium lords (Pan)
  Dispater (Dis:7)
  5 orbs of fire
  6 ancient liches
  6 dread liches
  2 juggernauts (Dis:7)
  29 royal mummies
  Boris (4 times) (Depths:3 Vaults:2 Vaults:3 Crypt:2)
  22 shard shrikes
  9 Killer Klowns (Zot:5)
  Vashnia (Snake:4)
  4 curse toes
  28 caustic shrikes
  Geryon (Hell)
  12 golden dragons
  The ghost of Zaets the Cryomancer, a veteran SpEn of Jiyva (Zot:4)
  Jory (Vaults:4)
  Nikola (Elf:1)
  4 profane servitors
  20 Tzitzimimeh
  43 bone dragons
  21 doom hounds
  19 iron giants
  21 Brimstone Fiends
  4 electric golems
  2 shard shrike zombies
  Zenata (Orc:2)
  Jorgrun (Elf:1)
  29 tentacled monstrosities
  Rupert (D:13)
  33 Ice Fiends
  30 Hell Sentinels
  11 hellephants
  2 shard shrike skeletons (Tar:7)
  2 deep elf blademasters (Elf:3)
  10 liches
  22 searing wretches
  19 tainted leviathans
  7 quicksilver dragons
  22 titans
  2 deep elf master archers (Elf:3)
  17 acid blobs
  26 Orb Guardians
  The ghost of Ucos Goda the Severer, an adept HOFi of Makhleb (Swamp:2)
  29 ancient champions
  33 Executioners
  A walking divine tome (Depths:1)
  Gastronok (Lair:1)
  11 sphinxes
  21 tentacled starspawn
  9 death cobs
  The ghost of Pileu the Eclecticist, an adept DsFE of Sif Muna (Vaults:1)
  5 draconian monks
  Kirke (Lair:3)
  Frances (D:14)
  3 thorn hunters
  9 shadow dragons
  7 revenants
  22 storm dragons
  A tengu reaver (Depths:1)
  21 demonspawn warmongers (Pan)
  14 rockslimes
  16 narguns
  19 azure jellies
  Roxanne (Swamp:1)
  3 fenstrider witches (Swamp:3)
  Donald (Snake:1)
  11 deep elf sorcerers
  23 fire giants
  15 frost giants
  6 draconian knights
  Aizul (Snake:4)
  9 nagarajas
  45 balrugs
  A caustic shrike zombie (Tar:7)
  10 draconian scorchers
  27 vault wardens
  Louise (Swamp:1)
  6 ghost moths
  5 draconian shifters
  2 spectral juggernauts (Tar:2)
  3 curse skulls
  6 ghouls (Crypt:2)
  3 iron dragons
  3 draconian stormcallers
  3 juggernaut zombies
  11 quicksilver elementals
  4 shard shrike simulacra
  16 demonspawn corrupters (Pan)
  19 ironbound preservers
  3 deep elf elementalists (Elf:3)
  5 angels
  46 reapers
  19 cacodemons
  2 orc warlords
  13 stone giants
  31 war gargoyles
  2 spriggan defenders
  7 draconian annihilators
  14 ironbound thunderhulks
  13 demonspawn blood saints (Pan)
  11 quicksilver oozes
  40 very ugly things
  8 green draconians
  23 elemental wellsprings
  8 eleionomae
  2 caustic shrike skeletons
  13 putrid mouths
  3 bennus
  3 starflowers (Abyss:4)
  3 deep elf demonologists
  10 lorocyprocas
  6 deep elf annihilators
  12 demonspawn black suns (Pan)
  18 vampire knights
  5 black draconians
  3 bunyips
  8 red draconians
  Azrael (Snake:1)
  28 wendigos
  Nessos (Orc:2)
  9 white draconians
  4 spark wasps
  8 dire elephants
  2 spectral titans
  8 purple draconians
  13 yellow draconians
  25 iron golems
  12 deep elf death magi
  11 fire dragons
  5 crystal guardians
  2 spectral iron giants
  13 eidola
  A spectral golden dragon (Tar:4)
  2 entropy weavers
  A merfolk javelineer (Abyss:4)
  18 green deaths (Pan)
  9 mummy priests
  5 spriggan zombies
  15 yaktaur captains
  Josephine (D:12)
  32 blizzard demons
  A spectral quicksilver dragon (Tar:5)
  A merfolk impaler (Depths:2)
  14 ettins
  10 spectral spriggans
  16 jiangshi
  Fannar (Lair:2)
  A shambling mangrove (Swamp:4)
  10 caustic shrike simulacra
  3 great orbs of eyes
  A fenstrider witch zombie (Crypt:3)
  6 peacekeepers
  6 ice dragons
  11 hydras
  12 juggernaut simulacra
  A hydra (shapeshifter) (Depths:2)
  6 rakshasas
  34 vault guards
  5 spriggan air magi
  6 deep elf high priests
  9 ironbound frosthearts
  Erica (Lair:2)
  5 stokers
  A fenstrider witch skeleton (Crypt:1)
  12 salamander tyrants
  7 hell beasts
  2 ghost crabs
  A satyr (Abyss:4)
  6 centaur warriors
  5 catoblepae
  5 two-headed ogres
  12 dancing weapons
  5 spriggan skeletons
  8 anacondas
  3 death knights
  4 deep troll earth magi
  6 tengu warriors
  An anaconda (shapeshifter) (Vaults:5)
  9 vampire magi
  11 naga warriors
  5 boulder beetles
  6 deep troll shamans
  19 alligators
  33 death scarabs
  16 hell hogs
  6 death yaks (Lair:5)
  2 spectral nagas
  10 naga sharpshooters
  3 storm dragon zombies
  2 spectral dire elephants
  10 thrashing horrors
  36 soul eaters
  15 hell knights
  8 deep elf knights
  12 spriggan berserkers
  A titan zombie (Crypt:2)
  12 crystal echidnas
  20 spriggans
  4 salamander mystics
  A skyshark (Lair:2)
  24 sixfirhies
  101 sun demons
  9 shock serpents
  13 wretched stars
  10 iron trolls
  A spatial maelstrom (Abyss:3)
  36 shadow wraiths
  Nergalle (Lair:2)
  A spectral bunyip (Tar:2)
  2 golden dragon zombies (Crypt:3)
  3 sea snakes (Snake:3)
  2 spriggan druids
  9 glowing orange brains
  A flayed ghost (Depths:4)
  5 quicksilver dragon simulacra
  32 skeletal warriors
  An anaconda zombie (Abyss:3)
  10 goliath frogs
  2 naga ritualists (Snake:4)
  8 swamp dragons
  14 shadow demons (Pan)
  60 deep trolls
  16 deep elf archers
  A shadow dragon zombie (Crypt:3)
  17 phantasmal warriors
  8 lindwurms
  3 bog bodies
  5 spriggan simulacra
  2 tengu zombies
  An orb spider (Abyss:4)
  8 necromancers
  21 deep elf zephyrmancers
  A fenstrider witch simulacrum (Coc:2)
  18 ironbound convokers
  5 harpies (Vaults:2)
  A manticore (shapeshifter) (Vaults:5)
  19 wizards
  2 sphinx zombies
  22 deep elf pyromancers
  8 mana vipers
  A frost giant zombie (Depths:3)
  A wolf spider (Lair:3)
  6 will-o-the-wisps
  3 oklob plants (Abyss:4)
  77 ugly things
  11 orc sorcerers
  A fire giant zombie (Vaults:1)
  3 shining eyes
  26 salamanders
  A salamander (shapeshifter) (D:15)
  A spectral alligator snapping turtle (Tar:2)
  7 manticores
  3 cyclopes
  A spectral centaur (Tar:1)
  A stone giant zombie (Tomb:2)
  3 spectral ettins
  32 moths of wrath
  An elephant (shapeshifter) (D:15)
  8 elephants
  2 worldbinders (Abyss:4)
  A sphinx skeleton (Crypt:3)
  A cyclops (shapeshifter) (Vaults:5)
  32 black mambas
  16 vault sentinels
  7 ice statues
  An iron dragon skeleton (Tar:7)
  6 rust devils
  4 apocalypse crabs
  An eye of devastation (Slime:2)
  17 demonic crawlers
  13 naga magi
  A storm dragon simulacrum (Coc:1)
  2 dire elephant skeletons
  8 molten gargoyles
  A guardian serpent (shapeshifter) (Elf:3)
  7 guardian serpents
  31 orange demons
  A toenail golem (Pan)
  95 smoke demons
  3 gargoyles (WizLab)
  5 cane toads
  A centaur skeleton (Tomb:3)
  An emperor scorpion simulacrum (Coc:1)
  3 rime drakes (Lair:5)
  8 titan simulacra
  A grey draconian zombie (Crypt:2)
  4 unseen horrors
  2 yellow draconian zombies
  7 bunyip simulacra
  5 komodo dragons
  22 hellions
  4 anaconda simulacra
  4 kobold demonologists (D:10)
  32 tormentors
  2 tengu conjurers
  9 efreet (Pan)
  49 yaktaurs
  A troll (shapeshifter) (D:15)
  11 freezing wraiths
  18 guardian mummies
  4 red devils
  8 ice devils
  10 ancient zymes
  An iron giant simulacrum (Coc:2)
  5 spectral harpies
  2 shadow dragon simulacra
  6 tyrant leeches
  4 bloated husks
  4 trolls
  A tarantella (shapeshifter) (Elf:3)
  19 hornets
  44 hellwings
  Prince Ribbit (D:6)
  3 harpy skeletons
  22 blink frogs
  An iron troll skeleton (Crypt:3)
  Grinder (D:6)
  3 blink frogs (shapeshifter)
  3 ettin zombies
  A hydra skeleton (Pan)
  16 raiju
  A raiju (shapeshifter) (D:7)
  9 small abominations
  A stone giant simulacrum (Coc:2)
  2 iron dragon simulacra
  An alligator skeleton (Crypt:1)
  4 dream sheep (Lair:4)
  A human simulacrum (Hell)
  A jumping spider (shapeshifter) (Vaults:2)
  4 dire elephant simulacra
  2 centaur simulacra
  123 slime creatures
  A black mamba zombie (Crypt:2)
  2 spectral black mambas
  An air elemental (Abyss:4)
  19 ushabtiu
  29 flying skulls
  27 vampires
  6 wraiths
  2 shadows
  6 naga simulacra
  50 ynoxinuls
  2 spriggans (shapeshifter)
  9 wyverns
  44 yaks
  4 fire bats (Abyss:4)
  2 water elementals
  4 fire elementals
  64 large abominations
  Grum (D:9)
  A hog (shapeshifter) (Vaults:5)
  3 hogs (Lair:4)
  17 golden eyes
  4 swamp worm simulacra (Swamp:4)
  6 basilisks
  33 chaos spawn
  2 alligator snapping turtle simulacra
  3 redbacks (Vaults:2)
  A steam dragon (D:7)
  28 neqoxecs
  17 harpy simulacra
  28 nagas
  8 wargs (Orc:2)
  Menkaure (D:6)
  A swamp worm (shapeshifter) (D:8)
  A spatial vortex (Abyss:4)
  A naga zombie (Tar:7)
  17 hydra simulacra
  11 swamp worms
  13 hell hounds
  9 water moccasins
  A swamp dragon zombie (Crypt:3)
  24 orc warriors
  Pargi (Sewer)
  A black bear (shapeshifter) (Abyss:4)
  5 ice beasts
  3 black bears
  4 sky beasts
  A merfolk simulacrum (Coc:2)
  8 ettin simulacra
  5 boggarts (Vaults:1)
  An elf simulacrum (Vaults:1)
  11 ogres
  2 human zombies
  A snapping turtle skeleton (Crypt:1)
  19 wolves
  An orc skeleton (Vaults:1)
  A phantom (D:5)
  3 centaurs
  A komodo dragon zombie (Crypt:2)
  8 kobold brigands
  A gnoll sergeant (D:6)
  3 bullfrogs
  3 scorpions (D:5)
  4 earth elementals (WizLab)
  2 yaktaur skeletons
  A water moccasin zombie (D:7)
  11 wights
  21 killer bees
  A yak zombie (Crypt:1)
  A swamp dragon simulacrum (Coc:1)
  A raiju skeleton (Crypt:2)
  7 howler monkeys
  2 electric eels
  2 bullfrog zombies (D:7)
  3 centaur zombies
  5 hounds
  3 jellies
  3 quasits
  A basilisk zombie (Crypt:3)
  A black bear zombie (Crypt:1)
  7 gnoll boudas
  8 orc priests
  27 starcursed masses
  4 iron imps
  9 iguanas
  A boggart zombie (Crypt:1)
  6 sleepcaps
  35 orc wizards
  9 hell rats
  2 lightning spires (WizLab)
  54 mummies
  A howler monkey zombie (D:7)
  23 gnolls
  8 adders
  3 river rats (D:4)
  A shadow imp (D:7)
  4 white imps
  An ufetubus (Abyss:4)
  4 swamp drake simulacra (Swamp:4)
  An adder skeleton (Crypt:3)
  A lava snake skeleton (Crypt:1)
  6 worms
  2 dart slugs
  86 orcs
  6 ball pythons
  15 bats
  9 endoplasms
  3 giant cockroaches
  8 goblins
  6 hobgoblins
  8 jackals
  4 quokkas
  4 frilled lizards
  A frilled lizard skeleton (Crypt:3)
  24 kobolds
  6 rats
  A butterfly (Lair:5)
  5 creeping infernos (Geh:7)
  34 fire vortices
  A lurking horror (Abyss:4)
  12 starspawn tentacles
4559 creatures vanquished.

Vanquished Creatures (collateral kills)
  Ereshkigal (Tar:7)
  3 royal mummies (Tomb:3)
  An Executioner (Tomb:1)
  A rockslime (Slime:5)
  An azure jelly (Slime:5)
  A quicksilver ooze (Slime:5)
  2 bennus (Tomb:3)
  8 mummy priests (Tomb:3)
  20 death scarabs (Tomb:3)
  3 skeletal warriors (Tomb:3)
  An anaconda zombie (Tomb:3)
  A tormentor (Tar:7)
  12 guardian mummies (Tomb:3)
  8 mummies (Tomb:3)
  2 fire vortices (Pan)
65 creatures vanquished.

Vanquished Creatures (others)
  A royal mummy (Tomb:3)
  A draconian knight (Zot:1)
  5 bennus (Tomb:3)
  3 mummy priests (Tomb:3)
  A caustic shrike simulacrum (Coc:6)
  A stoker (Geh:4)
  4 death scarabs (Tomb:3)
  A hell hog (Depths:3)
  A spriggan berserker (Elf:1)
  A deep elf knight (Elf:1)
  A sixfirhy (Pan)
  A skeletal warrior (Tomb:3)
  A deep troll (Vaults:2)
  2 spriggan simulacra (Coc:4)
  An ugly thing (Abyss:4)
  A deep elf pyromancer (Elf:1)
  A large abomination (Abyss:4)
  2 titan simulacra
  A rust devil (Depths:4)
  2 smoke demons
  An iron giant simulacrum (Coc:6)
  An anaconda simulacrum (Hell)
  A yaktaur (Vaults:5)
  A bunyip simulacrum (Coc:1)
  10 guardian mummies (Tomb:3)
  A dire elephant simulacrum (Coc:4)
  An ushabti (Tomb:3)
  A wyvern (shapeshifter) (Vaults:5)
  A neqoxec (Pan)
  A swamp worm (Swamp:4)
  2 harpy simulacra
  A deep troll simulacrum (Coc:1)
  A naga simulacrum (Coc:6)
  4 small abominations
  2 orc wizards (Orc:2)
  A mummy (Tomb:3)
  An orc (Orc:2)
  A bush (Lair:4)
  2 creeping infernos
  5 demonic plants
  2 fire vortices
  14 foxfires
  30 fungi
  70 plants
  29 starspawn tentacles
  4 withered plants
220 creatures vanquished.

Grand Total: 4844 creatures vanquished

Notes
Turn   | Place    | Note
-------+----------+-------------------------------------------
     0 | D:1      | holysushi the Demonspawn Monk began the quest for the Orb.
     0 | D:1      | Reached XP level 1. HP: 18/18 MP: 1/1
   121 | D:1      | Gained mutation: You may rarely emit foul miasma when
                  | damaged in melee. [demonic ancestry]
   121 | D:1      | Reached XP level 2. HP: 18/24 MP: 2/2
   159 | D:1      | Found a faded altar of an unknown god.
   171 | D:1      | Prayed at the altar of an unknown god.
   171 | D:1      | Became a worshipper of Gozag Ym Sagoz the Greedy
   448 | D:1      | Reached XP level 3. HP: 20/29 MP: 3/3
   997 | D:2      | Identified the +4 hand axe "Verypp" {heavy, *Corrode Dex+6}
  1370 | D:2      | Reached XP level 4. HP: 32/35 MP: 4/4
  1885 | D:3      | Found a shadowy altar of Dithmenos.
  1906 | D:3      | Identified the +7 sling "Newtslayer" {flame, rF+ Str+4
                  | Dex+3}
  1970 | D:3      | Found a snail-covered altar of Cheibriados.
  2045 | D:3      | Found an ancient bone altar of Kikubaaqudgha.
  2091 | D:3      | Found a hazy altar of Hepliaklqana.
  2105 | D:3      | You fall into a shaft and drop 2 floors!
  2105 | D:5      | Entered Level 5 of the Dungeon
  2230 | D:5      | Noticed a phantom
  2233 | D:5      | Reached skill level 1 in Ranged Weapons
  2236 | D:5      | Killed a phantom
  2237 | D:5      | Gained mutation: You sometimes emit foul miasma when
                  | damaged in melee. [demonic ancestry]
  2237 | D:5      | Reached XP level 5. HP: 38/41 MP: 5/5
  2289 | D:5      | Noticed an ogre
  2294 | D:5      | Killed an ogre
  2295 | D:5      | Gained mutation: You are partially covered in icy blue
                  | scales. (AC +2) [demonic ancestry]
  2295 | D:5      | Reached XP level 6. HP: 47/47 MP: 6/6
  2595 | D:4      | Reached skill level 5 in Ranged Weapons
  2626 | D:4      | Found a bloodstained altar of Trog.
  2690 | D:4      | Noticed an orc warrior
  2691 | D:4      | Reached XP level 7. HP: 43/52 MP: 7/7
  2928 | D:4      | Found a glowing drain.
  2937 | Sewer    | Entered a sewer
  2968 | Sewer    | Noticed Pargi
  2977 | Sewer    | Killed Pargi
  3280 | D:4      | Found a staircase to the Ecumenical Temple.
  4222 | D:3      | Found an iron altar of Okawaru.
  4425 | D:3      | Found a hide-covered altar of Uskayaw.
  4504 | D:5      | Gained mutation: You have a pair of small horns on your
                  | head. [demonic ancestry]
  4504 | D:5      | Reached XP level 8. HP: 58/58 MP: 8/8
  5377 | D:6      | Noticed Menkaure
  5383 | D:6      | Killed Menkaure
  5604 | D:6      | Reached XP level 9. HP: 63/63 MP: 9/9
  5612 | D:6      | Found a sparkling altar of Nemelex Xobeh.
  5851 | D:6      | Noticed Grinder
  5858 | D:6      | Killed Grinder
  5859 | D:6      | Reached skill level 10 in Ranged Weapons
  6183 | D:6      | Noticed Prince Ribbit
  6190 | D:6      | Killed Prince Ribbit
  6290 | D:7      | Reached skill level 5 in Dodging
  6429 | D:6      | Identified a scroll of acquirement
  6437 | D:6      | Acquired 1093 gold pieces
  6692 | D:7      | Noticed a two-headed ogre
  6699 | D:7      | Killed a two-headed ogre
  6935 | D:7      | Reached XP level 10. HP: 70/70 MP: 10/10
  7270 | D:7      | Found Qaoplesh's Antique Armour Emporium.
  7698 | D:7      | Found a runed translucent door.
  7699 | D:7      | Noticed Crazy Yiuf
  7767 | D:8      | Noticed a manticore
  7767 | D:8      | Noticed a harpy
  8033 | D:8      | Noticed a deep elf pyromancer
  8313 | D:8      | Found Kaacakaepni's Assorted Antiques.
  8440 | D:8      | Noticed a centaur warrior
  8795 | D:8      | Killed a centaur warrior
  8959 | D:8      | Killed a deep elf pyromancer
  9108 | D:8      | Killed a manticore
  9502 | D:8      | Identified the +1 cloak of the Unbroken {Will+}
  9558 | D:8      | Gained mutation: You have a pair of horns on your head.
                  | [demonic ancestry]
  9558 | D:8      | Reached XP level 11. HP: 75/75 MP: 11/11
  9885 | D:6      | Bought the amulet of Vitality {RegenMP++ Regen++} for 1400
                  | gold pieces
  9885 | D:6      | Found the amulet of Vitality {RegenMP++ Regen++}
  9898 | D:6      | Learned a level 3 spell: Mephitic Cloud
 10031 | D:9      | Found a staircase to the Orcish Mines.
 10183 | D:9      | Found a broken altar of Ashenzari.
 10394 | D:9      | Noticed a two-headed ogre
 10402 | D:9      | Killed a two-headed ogre
 10413 | D:9      | Found a sacrificial altar of Ru.
 10599 | D:9      | Noticed Grum
 10618 | D:9      | Reached skill level 1 in Evocations
 10624 | D:9      | Killed Grum
 10686 | D:10     | Entered Level 10 of the Dungeon
 10707 | D:10     | Noticed a boulder beetle
 11024 | D:10     | Killed a boulder beetle
 11121 | D:10     | Noticed a two-headed ogre
 11128 | D:10     | Killed a two-headed ogre
 11256 | D:10     | Reached skill level 5 in Fighting
 11279 | D:10     | Found a blossoming altar of Fedhas.
 12303 | D:11     | Gained mutation: You are partially covered in sharp spines.
                  | [demonic ancestry]
 12303 | D:11     | Reached XP level 12. HP: 86/86 MP: 12/12
 12375 | D:11     | Noticed a two-headed ogre
 12383 | D:11     | Killed a two-headed ogre
 12384 | D:11     | Reached skill level 10 in Dodging
 12604 | D:11     | Found a staircase to the Lair.
 12638 | D:11     | Found a hide-covered altar of Uskayaw.
 12853 | Lair:1   | Entered Level 1 of the Lair of Beasts
 13161 | Lair:1   | Noticed Gastronok
 13221 | Lair:1   | Killed Gastronok
 13746 | Lair:2   | Noticed Fannar
 13987 | D:6      | Bought the ring of Jiqub {rF+ rC+ rN+ rCorr} for 652 gold
                  | pieces
 14141 | Lair:2   | Noticed Nergalle
 14161 | Lair:2   | Killed Nergalle
 14213 | Lair:2   | Found a staircase to the Snake Pit.
 14235 | Lair:2   | Noticed Erica
 14453 | Lair:2   | Noticed a seven-headed hydra
 14463 | Lair:2   | Killed a seven-headed hydra
 14486 | Lair:2   | Noticed a seven-headed hydra
 14494 | Lair:2   | Killed a seven-headed hydra
 14580 | Lair:2   | Found a staircase to the Swamp.
 14675 | Lair:2   | Killed Erica
 14813 | Lair:2   | Killed Fannar
 15032 | Lair:2   | Found a staircase to the Snake Pit.
 15246 | Lair:2   | Found a staircase to the Swamp.
 15551 | Lair:3   | Reached XP level 13. HP: 91/91 MP: 13/13
 16421 | Lair:4   | Identified the +0 plate armour of Classification {Dex+2
                  | Slay+3}
 16972 | Lair:4   | Noticed Kirke
 16991 | Lair:4   | Reached skill level 15 in Dodging
 17147 | Lair:4   | Noticed a sphinx
 17158 | Lair:3   | Killed Kirke
 17453 | Lair:4   | Found a runed translucent door.
 17454 | Lair:4   | Found a staircase to the Slime Pits.
 18027 | Lair:4   | Found a runed translucent door.
 18031 | Lair:4   | Found a staircase to the Slime Pits.
 18130 | Lair:5   | Entered Level 5 of the Lair of Beasts
 18300 | Lair:5   | Reached skill level 5 in Evocations
 18938 | Lair:5   | Gained mutation: You are mostly covered in icy blue scales.
                  | (AC +3) [demonic ancestry]
 18938 | Lair:5   | Reached XP level 14. HP: 91/98 MP: 14/14
 18984 | Lair:5   | Identified the +1 helmet of Popsuph {rF- Regen+ rCorr
                  | Dex-3}
 20132 | Orc:1    | Entered Level 1 of the Orcish Mines
 20168 | Orc:2    | Entered Level 2 of the Orcish Mines
 20171 | Orc:2    | Noticed jasper's ghost (journeyman DsFi)
 20225 | Orc:2    | Found a transporter.
 20234 | Orc:2    | Found a transporter.
 20330 | Orc:2    | Found a staircase to the Elven Halls.
 20525 | Orc:2    | Found Naemit's Antique Weapon Boutique.
 20585 | Orc:2    | Noticed Nessos
 20614 | Orc:2    | Killed Nessos
 20792 | Orc:2    | Found Pynoezxe's General Store.
 20854 | Orc:2    | Paralysed by an orc sorcerer for 4 turns
 20885 | Orc:2    | Found Ynululuf's Antique Weapon Emporium.
 20891 | Orc:2    | Paralysed by an orc sorcerer for 5 turns
 21053 | Orc:2    | Found Ojyello's Magic Scroll Boutique.
 21089 | Orc:2    | Bought a scroll of enchant weapon for 112 gold pieces
 21089 | Orc:2    | Bought a scroll of magic mapping for 112 gold pieces
 21089 | Orc:2    | Bought a scroll of magic mapping for 112 gold pieces
 21089 | Orc:2    | Bought a scroll of magic mapping for 112 gold pieces
 21283 | Elf:1    | Entered Level 1 of the Elven Halls
 21286 | Elf:1    | Bought a +6 ring of dexterity for 468 gold pieces
 21322 | Elf:1    | Noticed Zenata
 21524 | Elf:1    | Noticed Jorgrun
 21559 | Elf:1    | Noticed Nikola
 21583 | Elf:1    | Killed Nikola
 21775 | Elf:1    | Killed Jorgrun
 21776 | Elf:1    | Gained mutation: You are completely covered in icy blue
                  | scales. (AC +4, rC+) [demonic ancestry]
 21776 | Elf:1    | Reached XP level 15. HP: 103/103 MP: 15/15
 21795 | Elf:1    | Found Tyky's General Store.
 21869 | Elf:1    | Reached skill level 5 in Stealth
 22752 | Orc:2    | Killed Zenata
 22753 | Orc:2    | Reached skill level 5 in Short Blades
 23542 | Elf:1    | Found a bloodstained altar of Trog.
 23843 | Elf:2    | Found Xestriri's Weapon Shoppe.
 24124 | Elf:2    | Found a runed translucent gate.
 24125 | Elf:2    | Found a runed translucent gate.
 24125 | Elf:2    | Found a runed translucent gate.
 24206 | Elf:2    | Reached skill level 15 in Ranged Weapons
 24266 | Elf:2    | Found Tibaurry's Armour Boutique.
 24274 | Elf:2    | Bought the +4 scale mail "Umaklu" {rF+ rN++ Dex+3} for 712
                  | gold pieces
 24566 | Elf:3    | Entered Level 3 of the Elven Halls
 24633 | Elf:3    | Reached skill level 1 in Armour
 24701 | Elf:3    | Noticed a deep elf sorcerer
 24706 | Elf:3    | Killed a deep elf sorcerer
 24729 | Elf:3    | Noticed a deep elf master archer
 24753 | Elf:3    | Killed a deep elf master archer
 24783 | Elf:3    | Noticed a deep elf sorcerer
 24792 | Elf:3    | Killed a deep elf sorcerer
 24793 | Elf:3    | Reached XP level 16. HP: 109/109 MP: 16/16
 25287 | Elf:3    | Noticed a deep elf master archer
 25288 | Elf:3    | Noticed a deep elf blademaster
 25306 | Elf:3    | Noticed a deep elf blademaster
 25310 | Elf:3    | Killed a deep elf blademaster
 25313 | Elf:3    | Killed a deep elf master archer
 25334 | Elf:3    | Killed a deep elf blademaster
 25335 | Elf:3    | Reached skill level 5 in Armour
 25392 | Elf:3    | Identified the amulet "Didielea" {Spirit Harm}
 25392 | Elf:3    | Identified the +1 great sword "Thing" {heavy, Will+ Dex+6}
 25780 | Elf:3    | Identified the +7 dagger of Linlyta {protect, rF+}
 25787 | Elf:3    | Got the Excursus on the Retinue
 25810 | Elf:3    | Got the Compilation of Percussion
 25811 | Elf:3    | Identified the +3 dire flail of Vucves {freeze, rF- Int+2
                  | Stlth+}
 25859 | Elf:3    | Identified the +0 fire dragon scales of the Sky {rF++ rC-
                  | Str+3}
 25901 | Elf:3    | Found Sonah's Weapon Shop.
 26574 | Snake:1  | Entered Level 1 of the Snake Pit
 26574 | Snake:1  | Found Tibratei's Book Boutique.
 26674 | Snake:1  | Noticed Donald
 26696 | Snake:1  | Killed Donald
 26733 | Snake:1  | Noticed Azrael
 26745 | Snake:1  | Killed Azrael
 26765 | Snake:1  | Found Nagrac's Magic Scroll Shoppe.
 27900 | Snake:2  | Reached XP level 17. HP: 115/115 MP: 17/17
 28629 | Snake:3  | HP: 3/115 [shock serpent (12)]
 30064 | Snake:3  | Found Ukiyv's Armour Emporium.
 30074 | Snake:3  | Bought a +0 pair of gloves of dexterity for 138 gold pieces
 30091 | Snake:3  | Bought the +1 leather armour of Okott {rPois rF++ rC-
                  | Dex+2} for 394 gold pieces
 30472 | Snake:4  | Entered Level 4 of the Snake Pit
 30474 | Snake:4  | Identified the +0 cloak "Zoggoen" {rF+ rN+}
 30541 | Snake:4  | Noticed Vashnia
 30643 | Snake:4  | Killed Vashnia
 31324 | Snake:4  | Reached skill level 10 in Armour
 31475 | Snake:4  | Noticed Aizul
 31822 | Snake:4  | Killed Aizul
 32165 | Snake:4  | Noticed a quicksilver dragon
 32167 | Snake:4  | Noticed a quicksilver dragon
 32175 | Snake:4  | Killed a quicksilver dragon
 32184 | Snake:4  | Killed a quicksilver dragon
 32210 | Snake:4  | Got a serpentine rune of Zot
 32458 | Snake:4  | Gained mutation: You have a pair of large horns on your
                  | head. [demonic ancestry]
 32458 | Snake:4  | Reached XP level 18. HP: 81/121 MP: 18/18
 33117 | Snake:3  | Found Qezel's Weapon Emporium.
 33117 | Snake:3  | Found Fethru's Armour Emporium.
 33118 | Snake:3  | Found Ukiyv's Armour Emporium.
 33746 | Snake:1  | Bought a scroll of teleportation for 57 gold pieces
 33746 | Snake:1  | Bought a scroll of enchant weapon for 142 gold pieces
 33746 | Snake:1  | Bought a scroll of teleportation for 57 gold pieces
 33746 | Snake:1  | Bought a scroll of teleportation for 57 gold pieces
 34029 | Snake:1  | Found Tibratei's Book Boutique.
 34481 | Swamp:1  | Entered Level 1 of the Swamp
 34508 | Swamp:1  | Noticed Roxanne
 34521 | Swamp:1  | Noticed Louise
 34575 | Abyss:2  | Cast into level 2 of the Abyss (Louise)
 34594 | Abyss:2  | Found a corrupted altar of Lugonu.
 34728 | Abyss:2  | Found a corrupted altar of Lugonu.
 34829 | Abyss:2  | Paralysed by accursed screaming for 1 turns
 35056 | Abyss:2  | Found a corrupted altar of Lugonu.
 35135 | Abyss:2  | Found a corrupted altar of Lugonu.
 35252 | Abyss:2  | Noticed a bone dragon
 35256 | Swamp:1  | Escaped the Abyss
 35300 | Swamp:1  | Killed Louise
 35550 | Swamp:1  | You fall into a shaft and drop 1 floor!
 35954 | Swamp:1  | Killed Roxanne
 36059 | Swamp:1  | Identified the +8 whip "Vutei" {drain, Int-5 Dex+4 SInv}
 36347 | Swamp:2  | Found a transporter.
 36352 | Swamp:2  | Noticed Ucos Goda's ghost (adept HOFi)
 36369 | Swamp:2  | Found a transporter.
 36393 | Swamp:2  | Identified the +0 robe "Veoh" {Dex+3}
 36886 | Swamp:2  | Reached skill level 10 in Stealth
 36925 | Swamp:2  | Killed Ucos Goda's ghost
 36944 | Swamp:2  | Identified the amulet of Satad {Acrobat rPois MP+9 Int-2}
 37030 | Swamp:3  | Reached skill level 10 in Fighting
 37348 | Swamp:3  | Reached skill level 1 in Long Blades
 37429 | Swamp:3  | Found a runed translucent door.
 37491 | Swamp:3  | Reached XP level 19. HP: 140/140 MP: 19/19
 37519 | Swamp:3  | Noticed Mara
 37523 | Swamp:3  | Noticed holysushi's illusion
 37690 | Swamp:4  | Entered Level 4 of the Swamp
 37865 | Swamp:4  | Identified the ring of Meosimisch {*Slow Int+6 Dex+5
                  | Slay+3}
 37894 | Swamp:4  | Found a runed translucent door.
 37897 | Swamp:4  | Identified the +6 trident "Atae" {flame, Str+3}
 37940 | Swamp:4  | Noticed jasper's ghost (adept MiHu)
 37994 | Swamp:4  | Reached skill level 5 in Long Blades
 39004 | Swamp:4  | Got a decaying rune of Zot
 39384 | D:12     | Noticed Josephine
 39390 | D:12     | Killed Josephine
 39989 | D:13     | Found Cebutsed's Book Boutique.
 40088 | D:13     | Noticed Rupert
 40099 | D:13     | Killed Rupert
 40691 | D:14     | Noticed Frances
 40706 | D:14     | Killed Frances
 40877 | D:14     | Found a gate to the Vaults.
 41142 | D:14     | Acquired a manual of Evocations
 41383 | D:15     | Entered Level 15 of the Dungeon
 41710 | D:15     | Reached skill level 10 in Long Blades
 41865 | D:15     | Found a staircase to the Depths.
 41929 | D:15     | Found Venweaja's Elemental Accessories.
 42594 | Depths:1 | Entered Level 1 of the Depths
 43188 | Depths:1 | Gained mutation: Your hexes are more powerful. [demonic
                  | ancestry]
 43188 | Depths:1 | Reached XP level 20. HP: 147/147 MP: 20/20
 43417 | Depths:1 | Found a gateway to Hell.
 43554 | Depths:1 | Found a shimmering blue altar of Sif Muna.
 45229 | Depths:2 | Paralysed by a vampire knight for 5 turns
 45403 | Depths:2 | Found a one-way gate to the infinite horrors of the Abyss.
 45513 | Depths:2 | Found an ornate altar of the Wu Jian Council.
 45566 | Depths:2 | Reached skill level 15 in Long Blades
 45621 | Depths:2 | Found a one-way gate leading to the halls of Pandemonium.
 45751 | Depths:2 | Bought a pair of runed boots for 255 gold pieces
 45780 | Depths:2 | Identified the +8 mace of Blood {protect, Drain rC+++ Will-
                  | Int+5}
 45810 | Depths:3 | Identified the +1 robe of the Original Sin {rCorr}
 45880 | Depths:3 | Noticed Boris
 46007 | Depths:3 | Killed Boris
 46013 | Depths:3 | Noticed a golden dragon
 46018 | Depths:3 | Killed a golden dragon
 46475 | Depths:3 | Noticed a golden dragon
 46484 | Depths:3 | Killed a golden dragon
 47044 | Depths:3 | Gained mutation: You are mostly covered in sharp spines.
                  | [demonic ancestry]
 47044 | Depths:3 | Reached XP level 21. HP: 154/154 MP: 21/21
 47390 | Depths:4 | Entered Level 4 of the Depths
 47409 | Depths:4 | Noticed a caustic shrike
 47411 | Depths:4 | Noticed a caustic shrike
 47412 | Depths:4 | Noticed a caustic shrike
 47412 | Depths:4 | Noticed a caustic shrike
 47413 | Depths:4 | Noticed a caustic shrike
 47471 | Depths:3 | Killed a caustic shrike
 47495 | Depths:3 | Killed a caustic shrike
 47496 | Depths:3 | Killed a caustic shrike
 48142 | Depths:3 | Killed a caustic shrike
 48519 | Depths:4 | Found Ekeraen's Magic Scroll Shop.
 48554 | Depths:4 | Bought a scroll of blinking for 157 gold pieces
 48554 | Depths:4 | Bought a scroll of teleportation for 63 gold pieces
 48701 | Depths:4 | Killed a caustic shrike
 49005 | Depths:4 | Found a one-way gateway to a ziggurat.
 49370 | Depths:4 | Found a gate to the Realm of Zot.
 49852 | Vaults:1 | Entered Level 1 of the Vaults
 49913 | Vaults:1 | You fall into a shaft and drop 1 floor!
 50425 | Vaults:2 | Found Laoschec's Weapon Emporium.
 50443 | Vaults:2 | Reached XP level 22. HP: 149/171 MP: 22/22
 50730 | Vaults:2 | Noticed Boris
 50994 | Vaults:1 | Found Xufuve's Book Shop.
 51013 | Vaults:1 | Found a large runed translucent door.
 51014 | Vaults:1 | Found a large runed translucent door.
 51015 | Vaults:1 | Noticed Pileu's ghost (adept DsFE)
 52389 | Vaults:1 | Killed Pileu's ghost
 52461 | Vaults:2 | Killed Boris
 52616 | Vaults:2 | Reached skill level 15 in Fighting
 52838 | Vaults:2 | Found a staircase to the Crypt.
 53109 | Vaults:3 | Acquired 860 gold pieces
 53184 | Vaults:3 | Found a magical portal.
 53192 | Vaults:3 | Noticed Boris
 53210 | Vaults:3 | Killed Boris
 53272 | WizLab   | Entered Maxwell's Workshop
 53368 | WizLab   | Identified the ring "Hawk" {Ice rElec rN+ rCorr Dex+4}
 53731 | WizLab   | Found the +2 Maxwell's thermic engine {flame, freeze}
 53734 | WizLab   | Identified the +2 leather armour "Ysoxzumule" {rF+}
 53842 | WizLab   | Identified the +7 quarterstaff of Pride {pain, *Noise rPois
                  | rCorr MP+9}
 54114 | Vaults:3 | Identified the +11 war axe "Roen" {distort, rF+ Dex+3
                  | Stlth-}
 54131 | Vaults:3 | Reached XP level 23. HP: 168/183 MP: 23/23
 55729 | Vaults:4 | Noticed Jory
 55739 | Vaults:4 | Killed Jory
 56539 | Vaults:5 | Entered Level 5 of the Vaults
 57095 | Abyss:3  | Found a corrupted altar of Lugonu.
 57095 | Abyss:3  | Cast into level 3 of the Abyss (a deep elf sorcerer)
 57405 | Abyss:3  | Found a corrupted altar of Lugonu.
 57496 | Vaults:5 | Escaped the Abyss
 57501 | Vaults:5 | Gained mutation: You frequently emit foul miasma when
                  | damaged in melee. [demonic ancestry]
 57501 | Vaults:5 | Reached XP level 24. HP: 174/191 MP: 23/23
 57570 | Vaults:5 | Identified the ring of Kindness {rC++ rN+ Will+ Dex-3}
 57604 | Vaults:5 | Got the Codex of Viperous Doom
 57671 | Vaults:5 | Noticed an ancient lich
 57672 | Vaults:5 | Noticed an ancient lich
 57681 | Vaults:5 | Noticed an ancient lich
 57695 | Vaults:5 | Killed an ancient lich
 57869 | Vaults:5 | Identified the +1 chain mail "Ziaturph" {rF+ SInv}
 58077 | Vaults:5 | Killed an ancient lich
 58240 | Vaults:5 | Killed an ancient lich
 58582 | Vaults:5 | Got a silver rune of Zot
 58761 | Vaults:5 | Found Innenudgh's General Store.
 58775 | Vaults:5 | Bought 2 potions of heal wounds for 120 gold pieces
 58778 | Vaults:5 | Identified the +9 sling of Wiomp {heavy, rF+ rC- rN+ SInv}
 59253 | Crypt:1  | Entered Level 1 of the Crypt
 59692 | Crypt:1  | You fall into a shaft and drop 1 floor!
 59840 | Crypt:2  | Noticed Boris
 59849 | Crypt:2  | Killed Boris
 60940 | Crypt:3  | Entered Level 3 of the Crypt
 61218 | Crypt:3  | Found a staircase to the Tomb.
 61254 | Crypt:3  | Got the Lessons on the Hexing Crevasse
 61626 | Crypt:3  | Gained mutation: Your melee attacks may debilitate your
                  | foes. [demonic ancestry]
 61626 | Crypt:3  | Reached XP level 25. HP: 206/206 MP: 23/23
 62184 | Crypt:3  | Identified the +1 plate armour "Dyqul" {Str+2}
 62339 | Crypt:3  | Identified the ring of Feicvot {*Slow rC+ rN+ rCorr}
 62355 | Crypt:3  | Got Dany's Encyclopedia of Exhumation
 62385 | Crypt:3  | Identified the +2 helmet of the Sky {rN+ Will++ Int-2}
 62795 | Depths:2 | Voluntarily entered the Abyss.
 63111 | Abyss:4  | Found a corrupted altar of Lugonu.
 63201 | Abyss:4  | Noticed an ancient lich
 63217 | Abyss:4  | Killed an ancient lich
 63420 | Abyss:4  | Paralysed by accursed screaming for 1 turns
 63555 | Abyss:4  | Paralysed by you for 3 turns
 63574 | Abyss:4  | Got an abyssal rune of Zot
 63706 | Depths:2 | Escaped the Abyss
 64058 | Tomb:1   | Entered Level 1 of the Tomb of the Ancients
 64071 | Tomb:1   | Bought a scroll of teleportation for 102 gold pieces
 64370 | Tomb:1   | Noticed a royal mummy
 64468 | Tomb:1   | Killed a royal mummy
 64572 | Tomb:1   | Identified the +1 chain mail of the Equator {rN+ Str+3
                  | Int+3 SInv}
 64616 | Tomb:1   | Identified the ring of Erhirelynn {Wiz rPois rN+ Str+2}
 64889 | Tomb:1   | Noticed a royal mummy
 64903 | Tomb:1   | Killed a royal mummy
 64904 | Tomb:1   | Gained mutation: You are surrounded by an aura of silence.
                  | [demonic ancestry]
 64904 | Tomb:1   | Reached XP level 26. HP: 43/228 MP: 23/23
 64928 | Tomb:1   | Noticed a royal mummy
 65115 | Tomb:1   | Killed a royal mummy
 66113 | Hell     | Entered the Vestibule of Hell
 66113 | Hell     | Noticed Geryon
 66248 | Hell     | Killed Geryon
 66706 | Hell     | Paralysed by a wendigo for 1 turns
 67040 | Hell     | Found a gateway to the ashen valley of Gehenna.
 67108 | Hell     | Found a gateway to the freezing wastes of Cocytus.
 67187 | Hell     | Found a gateway to the decaying netherworld of Tartarus.
 67281 | Hell     | Found a gateway to the Iron City of Dis.
 67595 | Zot:1    | Entered Level 1 of the Realm of Zot
 68175 | Zot:1    | Noticed an orb of fire
 68316 | Zot:1    | Found a radiant altar of Vehumet.
 68325 | Zot:1    | Found a transporter.
 68351 | Zot:1    | Noticed an ancient lich
 68359 | Zot:1    | Noticed an ancient lich
 69324 | Zot:3    | Noticed an orb of fire
 69329 | Zot:3    | Killed an orb of fire
 69783 | Zot:3    | Identified the +1 ring mail "Wuammep" {*Corrode rElec Str+2
                  | Int+4}
 69845 | Zot:3    | Gained mutation: You are completely covered in sharp
                  | spines. [demonic ancestry]
 69845 | Zot:3    | Reached XP level 27. HP: 151/247 MP: 21/23
 70077 | Zot:3    | Reached skill level 27 in Fighting
 70200 | Zot:3    | Acquired the +3 pair of mountain boots {steadfast, rC+}
 70200 | Zot:3    | Found the +3 pair of mountain boots {steadfast, rC+}
 70903 | Zot:4    | Found a runed translucent gate.
 70903 | Zot:4    | Found a runed translucent gate.
 70903 | Zot:4    | Found a runed translucent gate.
 70905 | Zot:4    | Noticed Zaets's ghost (veteran SpEn)
 71111 | Zot:4    | Identified the +1 rapier of Cocytus {drain, rF- Str+5}
 71567 | Zot:4    | Killed Zaets's ghost
 71586 | Zot:4    | Identified the amulet of Kikubaaqudgha's Pride {RegenMP
                  | Rampage Will+}
 71673 | Zot:5    | Entered Level 5 of the Realm of Zot
 72393 | Zot:5    | Noticed a dread lich
 72405 | Zot:5    | Noticed a dread lich
 72456 | Zot:5    | Noticed an orb of fire
 72466 | Zot:5    | Noticed a dread lich
 72518 | Zot:5    | Noticed an orb of fire
 72523 | Zot:5    | Killed an orb of fire
 72607 | Zot:5    | Gained mutation: You are dopey. (Int -2) [an orb of fire]
 72775 | Zot:5    | Noticed an orb of fire
 72779 | Zot:5    | Gained mutation: You passively map a small area around you.
                  | [an orb of fire]
 72893 | Zot:5    | Killed a dread lich
 72898 | Zot:5    | Reached skill level 27 in Dodging
 72993 | Zot:5    | Killed an orb of fire
 73000 | Zot:5    | Killed a dread lich
 73351 | Zot:5    | Killed a dread lich
 73528 | Zot:5    | Killed an orb of fire
 74835 | Zot:5    | Noticed an orb of fire
 74840 | Zot:5    | Gained mutation: Armour fits poorly on your strangely
                  | shaped body. [an orb of fire]
 74842 | Zot:5    | Gained mutation: You are weak. (Str -2) [an orb of fire]
 74848 | Zot:5    | Killed an orb of fire
 74856 | Zot:5    | Noticed a dread lich
 74858 | Zot:5    | Paralysed by a dread lich for 2 turns
 74863 | Zot:5    | Killed a dread lich
 75803 | Pan      | Entered the realm of Lom Lobon.
 75803 | Pan      | Entered Pandemonium
 75803 | Pan      | Noticed Lom Lobon
 75827 | Pan      | Killed Lom Lobon
 76019 | Pan      | Identified the +0 pair of boots of Subjectivity {*Slow +Inv
                  | Dex+7 Stlth+}
 76212 | Pan      | Noticed Ignacio
 76218 | Pan      | Killed Ignacio
 76815 | Pan      | Got a magical rune of Zot
 77677 | Pan      | Identified the ring of Terra Nullius {Fire Str+7}
 77997 | Pan      | Gained mutation: You are frail. (-10% HP) [a cacodemon]
 78119 | Pan      | Lost mutation: You passively map a small area around you.
                  | [potion of mutation]
 78119 | Pan      | Lost mutation: You are frail. (-10% HP) [potion of
                  | mutation]
 78119 | Pan      | Lost mutation: Armour fits poorly on your strangely shaped
                  | body. [potion of mutation]
 78119 | Pan      | Lost mutation: You are dopey. (Int -2) [potion of mutation]
 78119 | Pan      | Gained mutation: You are agile. (Dex +4, Str/Int -1)
                  | [potion of mutation]
 78465 | Pan      | Gained mutation: You are vulnerable to cold. (rC-) [a
                  | cacodemon]
 78673 | Pan      | Noticed Cibbyete the pandemonium lord
 78684 | Pan      | Killed Cibbyete the pandemonium lord
 79274 | Pan      | Noticed Ketoerop the pandemonium lord
 79283 | Pan      | Killed Ketoerop the pandemonium lord
 79956 | Pan      | Gained mutation: You have large cloven feet. [a neqoxec]
 80225 | Pan      | Noticed Wyfrax the pandemonium lord
 80234 | Pan      | Killed Wyfrax the pandemonium lord
 80289 | Pan      | Identified the amulet "Sejiqag" {RegenMP Will+}
 80385 | Pan      | Found an exit through the horrors of the Abyss.
 81271 | Pan      | Noticed Uxitz the pandemonium lord
 81282 | Pan      | Killed Uxitz the pandemonium lord
 81341 | Pan      | Got a demonic rune of Zot
 81407 | Pan      | Gained mutation: You occasionally shout uncontrollably at
                  | your foes. [a cacodemon]
 81755 | Pan      | Found a runed translucent door.
 81760 | Pan      | Found a runed translucent door.
 81981 | Pan      | Found an exit through the horrors of the Abyss.
 82017 | Pan      | Found a runed translucent door.
 82017 | Pan      | Found a runed translucent door.
 82192 | Pan      | Gained mutation: You occasionally lose the ability to read
                  | scrolls when taking damage. [a neqoxec]
 82346 | Pan      | Gained mutation: Your body sometimes deteriorates upon
                  | taking damage. [a neqoxec]
 82463 | Pan      | Identified the +9 battleaxe "Iklyshre" {drain, Dex+4}
 82480 | Pan      | Noticed Qeunle the pandemonium lord
 82483 | Pan      | Killed Qeunle the pandemonium lord
 82546 | Pan      | Found an exit through the horrors of the Abyss.
 82888 | Pan      | Found a transporter.
 83083 | Pan      | Found a transporter.
 83718 | Pan      | Gained mutation: You occasionally lose the ability to drink
                  | potions when taking damage. [a cacodemon]
 83787 | Pan      | Identified the ring "Ili Vuiv" {rC++ rCorr}
 83798 | Pan      | Identified the ring of the Death Scarab {Wiz Str+5}
 83918 | Pan      | Identified the +8 chain mail "Cepsoif" {Harm rElec Str+3}
 83940 | Pan      | Noticed Omaizemeyf the pandemonium lord
 83949 | Pan      | Killed Omaizemeyf the pandemonium lord
 84347 | Pan      | Found an exit through the horrors of the Abyss.
 84501 | Pan      | Entered the realm of Mnoleg.
 84539 | Pan      | Identified the ring of Evit {Ice Fly rCorr Int+2 Dex+2
                  | Stlth+}
 84560 | Pan      | Gained mutation: Armour fits poorly on your strangely
                  | shaped body. [a neqoxec]
 84580 | Pan      | Reached skill level 27 in Ranged Weapons
 84666 | Pan      | Reached skill level 10 in Evocations
 84668 | Pan      | Noticed Mnoleg
 84685 | Pan      | Killed Mnoleg
 84742 | Pan      | Got a glowing rune of Zot
 84832 | Pan      | Gained mutation: Your magical capacity is low. (-10% MP) [a
                  | cacodemon]
 85041 | Pan      | Identified the +7 falchion of the Unkillable {protect, rN+
                  | Int+3}
 85065 | Pan      | Found an exit through the horrors of the Abyss.
 85602 | Pan      | Noticed Macemnis the pandemonium lord
 85604 | Pan      | Killed Macemnis the pandemonium lord
 85760 | Pan      | Lost mutation: You have large cloven feet. [potion of
                  | mutation]
 85760 | Pan      | Lost mutation: You are weak. (Str -2) [potion of mutation]
 85760 | Pan      | Gained mutation: Your body often deteriorates upon taking
                  | damage. [potion of mutation]
 85760 | Pan      | Gained mutation: Your spells are a little harder to cast,
                  | but a little more powerful. [potion of mutation]
 85761 | Pan      | Lost mutation: Armour fits poorly on your strangely shaped
                  | body. [potion of mutation]
 85761 | Pan      | Lost mutation: Your spells are a little harder to cast, but
                  | a little more powerful. [potion of mutation]
 85761 | Pan      | Lost mutation: You occasionally lose the ability to drink
                  | potions when taking damage. [potion of mutation]
 85761 | Pan      | Lost mutation: You occasionally lose the ability to read
                  | scrolls when taking damage. [potion of mutation]
 85762 | Pan      | Lost mutation: You are vulnerable to cold. (rC-) [potion of
                  | mutation]
 85762 | Pan      | Lost mutation: Your body often deteriorates upon taking
                  | damage. [potion of mutation]
 85762 | Pan      | Lost mutation: You occasionally shout uncontrollably at
                  | your foes. [potion of mutation]
 85762 | Pan      | Lost mutation: Your body sometimes deteriorates upon taking
                  | damage. [potion of mutation]
 86090 | Pan      | Reached skill level 15 in Evocations
 86104 | Pan      | Noticed Vynuna Ipio the pandemonium lord
 86110 | Pan      | Killed Vynuna Ipio the pandemonium lord
 86208 | Pan      | Noticed Bisuxkidgha the pandemonium lord
 86224 | Pan      | Killed Bisuxkidgha the pandemonium lord
 86315 | Pan      | Entered the realm of Gloorx Vloq.
 86872 | Pan      | Found an exit through the horrors of the Abyss.
 87238 | Pan      | Noticed Gloorx Vloq
 87247 | Pan      | Killed Gloorx Vloq
 87540 | Pan      | Got a dark rune of Zot
 87629 | Pan      | Entered the realm of Cerebov.
 87687 | Pan      | Reached skill level 15 in Stealth
 87901 | Pan      | Found an exit through the horrors of the Abyss.
 88566 | Pan      | Got Pownyppa's Spellcraft, and How To Use It
 88611 | Pan      | Found the +6 sword of Cerebov {flame}
 88611 | Pan      | Noticed Cerebov
 88625 | Pan      | HP: 12/249 [Cerebov/the +6 sword of Cerebov {flame} (49)]
 88625 | Pan      | HP: 1/249 [Cerebov/the +6 sword of Cerebov {flame} (11)]
 88938 | Pan      | Killed Cerebov
 88973 | Pan      | Got a fiery rune of Zot
 89114 | Pan      | Took an exit into the Abyss.
 89114 | Abyss:4  | Escaped into the Abyss
 89434 | Abyss:4  | Found a corrupted altar of Lugonu.
 89456 | Depths:2 | Escaped the Abyss
 89463 | Depths:2 | Bought a manual of Spellcasting for 1200 gold pieces
 89586 | Dis:1    | Entered Level 1 of the Iron City of Dis
 90212 | Dis:2    | You fall into a shaft and drop 2 floors!
 90421 | Dis:2    | Found a huge runed gate.
 90421 | Dis:2    | Found a huge runed gate.
 90421 | Dis:2    | Found a huge runed gate.
 90421 | Dis:2    | Found a huge runed gate.
 90421 | Dis:2    | Found a huge runed gate.
 90421 | Dis:2    | Found a huge runed gate.
 90422 | Dis:2    | Found a huge runed gate.
 90424 | Dis:2    | Found a huge runed gate.
 90424 | Dis:2    | Found a huge runed gate.
 90424 | Dis:2    | Found a huge runed gate.
 90429 | Dis:2    | Found a huge runed gate.
 90429 | Dis:2    | Found a huge runed gate.
 90429 | Dis:2    | Found a huge runed gate.
 90429 | Dis:2    | Found a huge runed gate.
 90429 | Dis:2    | Found a huge runed gate.
 90429 | Dis:2    | Found a huge runed gate.
 90429 | Dis:2    | Found a huge runed gate.
 90430 | Dis:2    | Found a huge runed gate.
 90431 | Dis:2    | Found a huge runed gate.
 90440 | Dis:2    | Found a huge runed gate.
 90440 | Dis:2    | Found a huge runed gate.
 90440 | Dis:2    | Found a huge runed gate.
 90440 | Dis:2    | Found a huge runed gate.
 90440 | Dis:2    | Found a huge runed gate.
 90440 | Dis:2    | Found a huge runed gate.
 90442 | Dis:2    | Found a huge runed gate.
 90444 | Dis:2    | Found a huge runed gate.
 90453 | Dis:2    | Found a huge runed gate.
 90461 | Dis:2    | Found a huge runed gate.
 90461 | Dis:2    | Found a huge runed gate.
 90461 | Dis:2    | Found a huge runed gate.
 90461 | Dis:2    | Found a huge runed gate.
 90461 | Dis:2    | Found a huge runed gate.
 90461 | Dis:2    | Found a huge runed gate.
 90462 | Dis:2    | Found a huge runed gate.
 90463 | Dis:2    | Found a huge runed gate.
 90568 | Dis:2    | Upgraded the game from 0.30-a0-860-g512cf1e979 to
                  | 0.30-a0-862-g1aabd4f9c5
 91384 | Dis:7    | Entered Level 7 of the Iron City of Dis
 91602 | Dis:7    | Noticed an ancient lich
 91607 | Dis:7    | Killed an ancient lich
 92108 | Dis:7    | Noticed a juggernaut
 92113 | Dis:7    | Killed a juggernaut
 92768 | Dis:7    | Noticed a juggernaut
 92775 | Dis:7    | Killed a juggernaut
 92794 | Dis:7    | Got Uxzompug's Incunabulum of Spatial Transmogrification
 93559 | Dis:7    | Noticed Dispater
 93632 | Dis:7    | Killed Dispater
 93676 | Dis:7    | Found the orb of Dispater {+Damnation *Corrode AC+5}
 93719 | Dis:7    | Got an iron rune of Zot
 93721 | Dis:7    | Got Ricol's Book of Psychosis
 93913 | Coc:1    | Entered Level 1 of Cocytus
 94404 | Coc:2    | Paralysed by a wendigo for 1 turns
 95479 | Coc:4    | You fall into a shaft and drop 2 floors!
 95495 | Coc:6    | Paralysed by a wendigo for 1 turns
 95849 | Coc:7    | Entered Level 7 of Cocytus
 96214 | Coc:7    | Noticed the Serpent of Hell
 96252 | Coc:7    | Killed the Serpent of Hell
 96694 | Coc:7    | Reached skill level 27 in Stealth
 96716 | Coc:7    | Paralysed by a wendigo for 1 turns
 97878 | Coc:7    | Identified the +1 long sword of Shame {freeze, rElec rCorr
                  | Str-5 Dex+5}
 97878 | Coc:7    | Noticed Antaeus
 97907 | Coc:7    | Killed Antaeus
 98044 | Coc:7    | Got an icy rune of Zot
 98916 | Tar:1    | Entered Level 1 of Tartarus
101199 | Tar:7    | Entered Level 7 of Tartarus
101201 | Tar:7    | Noticed a dread lich
101204 | Tar:7    | Paralysed by a dread lich for 3 turns
101418 | Tar:7    | Killed a dread lich
101508 | Tar:7    | Reached skill level 15 in Armour
101535 | Tar:7    | Noticed a dread lich
101537 | Tar:7    | HP: 8/249 [something (15)]
101538 | Tar:7    | Noticed an ancient lich
101540 | Tar:7    | Killed an ancient lich
101719 | Tar:7    | Killed a dread lich
101912 | Tar:7    | Identified the +9 hand axe of Victory {flame, *Noise rPois
                  | Dex+4}
101924 | Tar:7    | Identified the +8 great sword of Precise Incision {pain,
                  | Str+3}
102011 | Tar:7    | Noticed Ereshkigal
102020 | Tar:7    | Paralysed by Ereshkigal for 4 turns
102572 | Tar:7    | Killed Ereshkigal
102601 | Tar:7    | Got a bone rune of Zot
102835 | Tar:7    | Got Coip's Treatise on Thunder
102947 | Tar:7    | Got Qugu's Catalogue of the Mob
102967 | Tar:7    | Found the +3 pair of gauntlets of War {Slay+5}
103043 | Tar:7    | Got the Exposition on Frore Contaminants
103219 | Geh:1    | Entered Level 1 of Gehenna
104447 | Geh:5    | You fall into a shaft and drop 1 floor!
104827 | Geh:7    | Entered Level 7 of Gehenna
105688 | Geh:7    | Identified the ring "Ylou" {Fire Drain Str+6}
105739 | Geh:7    | Found the +7 sceptre of Asmodeus
105739 | Geh:7    | Noticed Asmodeus
105753 | Geh:7    | Killed Asmodeus
105790 | Geh:7    | Found the +8 Vampire's Tooth {megavamp}
105797 | Geh:7    | Identified the +3 leather armour of the Butterfly {rPois
                  | Will+ Stlth-}
105798 | Geh:7    | Identified the +0 pair of boots of the Thoughtful Ghosts
                  | {-Cast rF+ Will+}
105803 | Geh:7    | Identified the +3 long sword of Valiance {venom, rN+ Str-5
                  | Dex+6}
105813 | Geh:7    | Identified the +4 spear "Reideal" {heavy, Str+8 Int-3}
105823 | Geh:7    | Identified the ring of Noanagao {rElec rF+ rN+++ Will-
                  | Dex-5}
105824 | Geh:7    | Identified the +2 leather armour of Courage {rF++ Will++
                  | Dex-3}
105834 | Geh:7    | Got an obsidian rune of Zot
106353 | Slime:1  | Entered Level 1 of the Pits of Slime
107267 | Slime:5  | Entered Level 5 of the Pits of Slime
107657 | Slime:5  | Noticed the Royal Jelly
107676 | Slime:5  | Found a viscous altar of Jiyva.
108001 | Slime:5  | Killed the Royal Jelly
108128 | Slime:5  | Got a slimy rune of Zot
108134 | Slime:5  | Identified the +7 hand axe of the Horn {pain, Stlth+}
108154 | Slime:5  | Identified the +2 chain mail "Listetrep" {Will+}
108181 | Slime:5  | Identified the +7 glaive of Joreaf {freeze, rN+ Dex+6}
108225 | Slime:5  | Identified the +4 arbalest "Hueseg" {drain, Str+3 Int+3
                  | Stlth+}
108226 | Slime:5  | Identified the +3 buckler of Disguise {rC+ Str+3 Int-2}
108841 | Tomb:2   | Noticed a royal mummy
108856 | Tomb:2   | Noticed a royal mummy
108861 | Tomb:2   | Killed a royal mummy
108875 | Tomb:2   | Killed a royal mummy
108882 | Tomb:2   | Noticed a royal mummy
108891 | Tomb:2   | Killed a royal mummy
108918 | Tomb:2   | Noticed a royal mummy
108926 | Tomb:2   | Killed a royal mummy
109488 | Tomb:1   | Noticed a royal mummy
109488 | Tomb:1   | Noticed a royal mummy
109488 | Tomb:1   | Noticed a royal mummy
109488 | Tomb:1   | Noticed a royal mummy
109500 | Tomb:1   | Killed a royal mummy
109500 | Tomb:1   | Noticed a royal mummy
109504 | Tomb:1   | Killed a royal mummy
109506 | Tomb:1   | Killed a royal mummy
109508 | Tomb:1   | Noticed a royal mummy
109508 | Tomb:1   | Noticed a royal mummy
109509 | Tomb:1   | Killed a royal mummy
109627 | Tomb:1   | Noticed a royal mummy
109632 | Tomb:1   | Noticed a royal mummy
109644 | Tomb:1   | Killed a royal mummy
109651 | Tomb:1   | Noticed a royal mummy
109655 | Tomb:1   | Killed a royal mummy
109658 | Tomb:1   | Killed a royal mummy
109768 | Tomb:1   | Noticed a royal mummy
109776 | Tomb:1   | Noticed a royal mummy
109779 | Tomb:1   | HP: 11/249 [??? (9)]
109925 | Tomb:1   | Noticed a royal mummy
109925 | Tomb:1   | Noticed a royal mummy
109938 | Tomb:1   | Killed a royal mummy
109941 | Tomb:1   | Noticed a royal mummy
109948 | Tomb:1   | HP: 8/249 [??? (5)]
110127 | Tomb:1   | Noticed a royal mummy
110136 | Tomb:1   | Killed a royal mummy
110142 | Tomb:1   | Killed a royal mummy
110146 | Tomb:1   | Killed a royal mummy
110156 | Tomb:1   | Killed a royal mummy
110392 | Tomb:1   | Killed a royal mummy
110399 | Tomb:1   | Killed a royal mummy
110426 | Tomb:1   | Killed a royal mummy
110473 | Tomb:1   | Killed a royal mummy
110586 | Tomb:1   | Noticed a royal mummy
110592 | Tomb:1   | Killed a royal mummy
110695 | Tomb:1   | Reached skill level 27 in Evocations
110714 | Tomb:1   | Noticed a royal mummy
110721 | Tomb:1   | Noticed a royal mummy
110729 | Tomb:1   | Killed a royal mummy
110731 | Tomb:1   | Noticed a royal mummy
110731 | Tomb:1   | Noticed a royal mummy
110739 | Tomb:1   | Killed a royal mummy
110979 | Tomb:1   | Killed a royal mummy
111261 | Tomb:1   | Killed a royal mummy
111549 | Tomb:3   | Entered Level 3 of the Tomb of the Ancients
111610 | Tomb:3   | Noticed a royal mummy
111613 | Tomb:3   | Noticed a royal mummy
111617 | Tomb:3   | Killed a royal mummy
111625 | Tomb:3   | Killed a royal mummy
111641 | Tomb:3   | Noticed a royal mummy
111643 | Tomb:3   | Noticed a royal mummy
111643 | Tomb:3   | Noticed a royal mummy
111650 | Tomb:3   | Noticed a royal mummy
111653 | Tomb:3   | Noticed a royal mummy
111663 | Tomb:3   | Killed a royal mummy
111667 | Tomb:3   | Killed a royal mummy
111717 | Tomb:3   | Noticed a royal mummy
111721 | Tomb:3   | Killed a royal mummy
111758 | Tomb:3   | Found the +8 demon blade "Leech" {evervamp, Harm Drain rN+}
111925 | Tomb:3   | Identified the +0 spear "Syun" {heavy, rPois rN+++ Int-5}
111957 | Tomb:3   | Identified the +1 rapier "Huzofeump" {flame, Str+3 Int+2}
111960 | Tomb:3   | Identified the ring of Hepliaklqana's Whim {Fly SInv}
111961 | Tomb:3   | Identified the ring "Joucw" {Str+6 Slay+3 SInv}
111984 | Tomb:3   | Identified the ring of the Dropbear {rPois rF++ Will+}
112442 | Tomb:3   | Got a golden rune of Zot
113107 | Zot:5    | Gained mutation: Your magical capacity is very low. (-20%
                  | MP) [mutagenic glow]
113316 | Zot:5    | Got the Orb of Zot
113460 | Depths:4 | Noticed Cubynay the pandemonium lord
113777 | D:6      | Noticed Ynotohaypt the pandemonium lord
113895 | D:$      | Escaped with the Orb!

Illustrated notes

Levels and vault maps discovered:
D:1:      heliophobic_arrival_battle_scene, layout_basic,
          basic_ecumenical_altar, st_stairs_14
D:2:      minmay_inner_zag, layout_loops_ring, kennysheep_generic_room_3
D:3:      minmay_general_purpose_star, layout_loops_ring,
          kennysheep_okawaru_gauntlet, lemuel_coloured_pillars_altar,
          nicolae_overflow_hidden_temple, lemuel_tele_altar,
          mainiacjoe_overflow_tiny_flanked
D:4:      layout_cave_pools, lightli_temple_of_fire,
          minmay_temple_entry_statues_fountains, lightli_sewer_entry_pipes
D:5:      nicolae_cairo_tiling_very_big, layout_basic, zin_statuary,
          minmay_fractal_squares_diagonal_5
D:6:      layout_loops_ring, nemelex_dance_club_becter, uniq_menkaure,
          uniq_prince_ribbit1, uniq_grinder
D:7:      layout_loops_ring, marbit_many_paths, serial_undead, serial_undead_a,
          serial_undead_e, serial_undead_c, serial_undead_d, serial_shops,
          kennysheep_little_box, grunt_ogre_cave,
          minmay_fractal_squares_gapless_5, uniq_crazy_yiuf_cottage
D:8:      minmay_bloctagon_deflated, layout_loops_ring, serial_shops,
          nicolae_shop_advertising_works [nicolae_subvault_shop_adworks],
          grunt_decor_junction, roderic_lattice_a, minivault_26
D:9:      layout_roguey, hangedman_ru_absence, lemuel_doored_altar, orc_0_dummy,
          minmay_misc_feat_square, uniq_grum
D:10:     kennysheep_seaside_town, layout_cave_pools,
          mainiacjoe_overflow_concentric_impassable
D:11:     layout_roguey [special_room_orc], lair_entry_dummy,
          nicolae_uskayaw_dance_hall
D:12:     layout_stronghold, uniq_josephine
D:13:     layout_basic, serial_shops, shop, uniq_rupert
D:14:     layout_irregular_city, david_vaults_1, minivault_14, serial_glass,
          glass_columns_a, glass_columns_c, uniq_frances
D:15:     grunt_enter_depths_giant_problem, layout_basic,
          minmay_tree_intersection, nicolae_elemental_shop, nrook_campfire
Lair:1:   layout_regular_city, lemuel_fruit_tree, uniq_gastronok
Lair:2:   layout_hall_layers, palyth_hydra_swamp_entry, dummy_snake_entry,
          minivault_19, uniq_erica, uniq_fannar, uniq_nergalle
Lair:3:   layout_layer_cave, nicolae_lair_run_with_the_wolves,
          serial_bayou_shore_b, grunt_megastairs_4
Lair:4:   layout_gridlike, slime_entry_2, uniq_kirke
Lair:5:   evilmike_catoblepas_cave, layout_cave_pods, special_room
          [special_room_mythical_zoo], lemuel_fruit_fields
Swamp:1:  layout_basic_swamp, evilmike_swamp_ruin_house_4, swamp_pool2,
          uniq_louise, uniq_roxanne
Swamp:2:  layout_basic_swamp, gammafunk_ghost_berserking_beasts,
          hangedman_swamp_ruin_hall, swamp_pool3
Swamp:3:  layout_falls_marsh, evilmike_swamp_ruin_rubble_1,
          nzn_swamp_weyward_sisters, uniq_mara
Swamp:4:  swamp_icy, layout_basic_swamp, ebering_ghost_funeral_grove,
          swamp_pool4
Snake:1:  layout_gridlike, serial_shops, shop, nicolae_take_the_stairs,
          grunt_megastairs_2, uniq_azrael, uniq_donald
Snake:2:  layout_onion_interference
Snake:3:  layout_chambers, serial_shops, nicolae_lakefront_shop,
          serial_bayou_lagoon_a, nicolae_snake_shapes
Snake:4:  hellmonk_snake_rune_quicksilver_temple, layout_grid_maze, uniq_aizul,
          uniq_vashnia
Slime:1:  layout_caves, cheibrodos_slime_lost_civilization_6
Slime:2:  layout_caves
Slime:3:  layout_caves
Slime:4:  layout_caves
Slime:5
Orc:1:    layout_diamond_mine
Orc:2:    st_orc_town, layout_diamond_mine, gammafunk_ghost_arena, uniq_nessos
Elf:1:    layout_rooms, serial_shops, shop, minmay_elf_crystal_hexagon,
          minivault_20, evilmike_spriggan_trog_shrine, uniq_jorgrun,
          uniq_nikola, uniq_zenata
Elf:2:    nicolae_elf_blades_crystal_corner, layout_onion_city, serial_shops,
          nicolae_shop_bloodbath_and_beyond, nicolae_shop_waterfront,
          st_stairs_12
Elf:3:    grunt_elf_hall_spiral, layout_geoelf_diagonals, serial_shops,
          nicolae_shop_trees
Vaults:1: ebering_ghost_disaster_area, hangedman_vaults_capsules, v_rooms_4,
          ontoclasm_vaults_ligature, ontoclasm_vaults_spin, v_misc_27,
          nicolae_vaults_little_squares_5, v_misc_16,
          nicolae_vaults_little_squares_2, layout_vaults_omnigrid, serial_shops,
          shop_statue
Vaults:2: nicolae_vaults_lopsided_apartments, vaults_room_fours,
          v_alt_pattern_4, minmay_crypt_entry_simple_walls,
          vaults_standard_mumra_enter_the_diamond, hangedman_vaults_maws,
          nicolae_vaults_little_squares_1, grunt_vaults_trifunnel,
          nicolae_vaults_specimen_jars, hangedman_vaults_maws, v_rooms_6,
          ontoclasm_vaults_hangar, v_misc_15, layout_vaults_omnicross,
          serial_shops, shop
Vaults:3: lightli_enter_wizlab_magi_temple, nicolae_vaults_big_ls, v_misc_16,
          hangedman_vaults_stream, nicolae_vaults_little_squares_6, v_misc_17,
          vaults_room_corners, vaults_room_large_hall, vaults_room_corners,
          nicolae_vaults_angled_halls, grunt_vaults_focal,
          ontoclasm_vaults_ring_small, ontoclasm_vaults_gateway,
          layout_vaults_maze_snakey
Vaults:4: nicolae_vaults_asterisk, v_misc_14, hangedman_vaults_nodes,
          vaults_room_fancy_cross, nicolae_vaults_inception_scallops, v_misc_32,
          nicolae_vaults_branching_niches, hangedman_vaults_corner, v_misc_17,
          v_misc_30, nicolae_vaults_bisected_exclaves, vaults_mumra_lcd,
          dpeg_vaults_monster_row, ontoclasm_vaults_pinch, vaults_dpeg_hooks,
          layout_vaults_ring, uniq_jory
Vaults:5: serial_shops
Crypt:1:  layout_gridlike, st_stairs_10
Crypt:2:  layout_gridlike
Crypt:3:  due_elkab, layout_chaotic_city, minivault_11,
          amcnicky_mini_rare_corridor_liquid, minivault_19
Tomb:1
Tomb:2
Tomb:3
Depths:1: layout_honeycomb, minmay_crystal_room, hellmouth_3,
          nicolae_sif_muna_condensation
Depths:2: minmay_the_grid_square_5x5_3x3 [minmay_the_grid_square_5x5_eight,
          minmay_the_grid_square_5x5_two_small,
          minmay_the_grid_square_5x5_doubleslash,
          minmay_the_grid_square_5x5_plus,
          minmay_the_grid_square_5x5_megaprize_crossed,
          minmay_the_grid_square_5x5_checkered_sparse,
          minmay_the_grid_square_5x5_minibox,
          minmay_the_grid_square_5x5_intrusive_squares,
          minmay_the_grid_square_5x5_n], layout_cave_pools, pf_coc_iceberg,
          grunt_pan_entry_sceptre, nzn_wu_jian_contemplation, abyss_entry
Depths:3: hangedman_elemental_death_ray, layout_twisted_cross,
          pf_hell_entry_great_geh, abyss_entry_small_statue_room,
          columned_hall_lemuel, uniq_boris
Depths:4: evilmike_zot_entry_hall, layout_gridville, enter_ziggurat_c,
          serial_shops, shop, grunt_mini_vestibule, serial_rivers,
          chequers_serial_rivers_large_b, chequers_serial_rivers_micro_e,
          chequers_serial_rivers_marsh, chequers_serial_rivers_small_b,
          minmay_misc_feat_tiny
Hell
Dis:1:    hangedman_dis_decor_blocks_talon, layout_regular_city
Dis:2:    layout_overlapping_boxes, door_vault
Dis:3:    layout_regular_city, nicolae_dis_spooky_hallway
Dis:4:    layout_overlapping_boxes
Dis:5:    layout_gridville
Dis:6:    layout_subdivisions
Dis:7:    dis_st
Geh:1:    layout_gehenna_lava_caves
Geh:2:    layout_gehenna_lava_caves
Geh:3:    layout_gehenna_pools_basic
Geh:4:    layout_gehenna_pools_basic
Geh:5:    layout_gehenna_pools_box
Geh:6:    layout_gehenna_lava_caves
Geh:7:    geh_mu
Coc:1:    layout_cocytus_water_paths, serial_ice
Coc:2:    layout_ice_bergs
Coc:3:    layout_ice_bergs
Coc:4:    layout_ice_bergs
Coc:6:    nooodl_cocytus_jagged_cave
Coc:7:    coc_grunt_cove [coc_grunt_cove_antaeus, coc_grunt_cove_fiend,
          coc_grunt_cove_fiend, coc_grunt_cove_fiend, coc_grunt_cove_fiend]
Tar:1:    layout_grid_maze, nicolae_tar_honey_rotating
Tar:2:    layout_grid_maze
Tar:3:    layout_catacombs
Tar:4:    layout_honeycomb
Tar:5:    layout_grid_maze
Tar:6:    layout_catacombs
Tar:7:    tar_old
Zot:1:    gammafunk_sealed_library, layout_gridlike, st_stairs_4
Zot:2:    layout_twisted_circle
Zot:3:    nicolae_moth_party, layout_onion, uniq_parghit
Zot:4:    layout_gridlike, gammafunk_ghost_split, st_small_dragon_hoard_4
Zot:5:    layout_basic, hangedman_zot_diagonal_lockstep

Skill      XL: |  1  2  3  4  5  6  7  8  9 10 11 12 13 14 15 16 17 18 19 20 21 22 23 24 25 26 27 |
---------------+----------------------------------------------------------------------------------+-----
Short Blades   | 3 4 5 |  5.4
Ranged Weapons | 3 4 5 7 9 11 13 14 15 17 18 27 | 27.0
Dodging        | 3 5 7 9 13 16 18 20 21 23 25 27 | 27.0
Stealth        | 3 4 6 10 27 | 27.0
Evocations     | 3 6 7 9 27 | 27.0
Fighting       | 5 10 13 15 16 18 23 26 27 | 27.0
Armour         | 3 8 10 22 | 22.9
Long Blades    | 3 12 16 18 19 | 19.7

Action                     |  1- 3 |  4- 6 |  7- 9 | 10-12 | 13-15 | 16-18 | 19-21 | 22-24 | 25-27 || total
---------------------------+-------+-------+-------+-------+-------+-------+-------+-------+-------++-------
  Melee: Short sword       |   153 |    24 |       |       |       |       |       |       |       ||   177
         Punch             |     2 |       |       |       |     1 |       |       |       |       ||     3
         Rapier            |       |       |       |       |    44 |       |       |       |       ||    44
         Headbutt          |       |       |       |       |    15 |     7 |   141 |   326 |   596 ||  1085
         Great sword       |       |       |       |       |       |    25 |   473 |   969 |  1570 ||  3037
         Flamberge         |       |       |       |       |       |       |       |       |    29 ||    29
         Longbow           |       |       |       |       |       |       |       |       |     3 ||     3
   Fire: Sling             |       |    73 |   301 |   854 |   933 |       |       |       |       ||  2161
         Longbow           |       |       |       |       |   508 |  1749 |  1227 |   591 |  4944 ||  9019
         Triple crossbow   |       |       |       |       |       |       |       |       |    15 ||    15
 Invoke: Call Merchant     |       |       |     2 |     1 |     1 |     2 |     3 |       |     9 ||    18
         Potion Petition   |       |       |       |       |       |     1 |     2 |     2 |    17 ||    22
         Bribe Branch      |       |       |       |       |       |       |       |       |     2 ||     2
  Evoke: Wand              |       |       |     1 |     1 |     7 |     5 |     1 |     1 |    20 ||    36
         Horn of Geryon    |       |       |       |       |       |       |       |       |     6 ||     6
         Box of beasts     |       |       |       |       |       |       |       |       |     3 ||     3
         Phial of floods   |       |       |       |       |       |       |       |       |     1 ||     1
         Phantom mirror    |       |       |       |       |       |       |       |       |     1 ||     1
         Condenser vane    |       |       |       |       |       |       |       |       |     1 ||     1
    Use: Scroll            |       |       |     9 |    20 |    14 |    14 |     6 |     6 |    40 ||   109
         Potion            |       |       |     1 |     2 |    11 |     7 |     2 |     2 |    33 ||    58
   Stab: Distracted        |     1 |       |       |       |       |       |    12 |    24 |    83 ||   120
         Sleeping          |     5 |     1 |       |       |     3 |       |    15 |    37 |    25 ||    86
         Paralysed         |       |       |       |       |     4 |       |       |       |       ||     4
         Invisible         |       |       |       |       |     1 |       |     5 |       |     1 ||     7
 Armour: Robe              |    18 |    12 |    13 |    35 |    89 |    36 |   126 |   120 |   264 ||   713
         Leather armour    |       |       |       |       |       |    46 |    11 |       |       ||    57
  Dodge: Dodged            |    70 |    48 |    38 |   202 |   584 |   691 |  1257 |  1570 |  4808 ||  9268

Table legend: (Time is in decaauts)
 A = Elapsed time spent in this place.
 B = Non-inter-level travel time spent in this place.
 C = Inter-level travel time spent in this place.
 D = Time resting spent in this place.
 E = Time spent auto-exploring this place.
 F = Levels seen in this place.
 G = Mean time per level.
                   A        B        C        D        E       F      G
               +--------+--------+--------+--------+--------+-----+--------+
         Total | 112146 | 104053 |   8093 |  18141 |  58331 | 110 | 1019.5 |
       Dungeon |  17485 |  15398 |   2087 |   2302 |   9648 |  15 | 1165.7 |
          Lair |   7172 |   6538 |    634 |    591 |   4709 |   5 | 1434.4 |
         Swamp |   4136 |   3902 |    234 |    233 |   2556 |   4 | 1034.0 |
     Snake Pit |   7635 |   7343 |    292 |   1852 |   4371 |   4 | 1908.8 |
    Slime Pits |   2043 |   1983 |     60 |    377 |    868 |   5 |  408.6 |
  Orcish Mines |   1852 |   1769 |     83 |    245 |   1050 |   2 |  926.0 |
   Elven Halls |   4252 |   4114 |    138 |   1332 |   1478 |   3 | 1417.3 |
        Vaults |   8322 |   7706 |    616 |    520 |   5217 |   5 | 1664.4 |
         Crypt |   3818 |   3268 |    550 |    197 |   2196 |   3 | 1272.7 |
          Tomb |   5406 |   4658 |    748 |   1310 |   1843 |   3 | 1802.0 |
        Depths |   8181 |   7310 |    871 |   2004 |   3449 |   4 | 2045.2 |
          Hell |   1997 |   1791 |    206 |    749 |    390 |   1 | 1997.0 |
           Dis |   3813 |   3619 |    194 |    345 |   1977 |   7 |  544.7 |
       Gehenna |   2662 |   2298 |    364 |     86 |   1536 |   7 |  380.3 |
       Cocytus |   5051 |   4834 |    217 |   1424 |   2559 |   6 |  841.8 |
      Tartarus |   3735 |   3456 |    279 |    436 |   1966 |   7 |  533.6 |
           Zot |   8270 |   7755 |    515 |   2645 |   3397 |   5 | 1654.0 |
         Abyss |   2244 |   2244 |      0 |     70 |    759 |   5 |  448.8 |
   Pandemonium |  13178 |  13178 |      0 |   1157 |   8049 |  17 |  775.2 |
         Sewer |    170 |    170 |      0 |     79 |     54 |   1 |  170.0 |
        Wizlab |    713 |    713 |      0 |    180 |    252 |   1 |  713.0 |
               +--------+--------+--------+--------+--------+-----+--------+

Top non-repeatable levels by time:
   Zot:5: 3804 daAuts
  Tomb:1: 3545 daAuts
 Snake:3: 3077 daAuts
   Coc:7: 3017 daAuts
Depths:3: 2926 daAuts
   Dis:7: 2417 daAuts
Depths:2: 2075 daAuts
    D:15: 2048 daAuts
    Hell: 1997 daAuts
 Snake:4: 1989 daAuts
Vaults:4: 1955 daAuts
 Crypt:3: 1925 daAuts
     D:8: 1865 daAuts
  Lair:4: 1806 daAuts
Vaults:1: 1792 daAuts
